General information
- name: BNet
- type: Ladder team game (AT/RT)
- host: Battle.net
- saver: IMBALANCEDpeon
map: Highperch
- players: 6
- length: 378:54
- speed: Fast
- version: 1.24 W3XP
- replay type: Public
» download(1087 KB)
Players
team 1 (loser)
100_FoodWyrms (
green | 26 APM | 9750 actions | 378:53)
10 Blademaster
3 Wind Walk
3 Critical Strike
1 Bladestorm
3 Mirror Image
5 Shadow Hunter
3 Hex
2 Healing Wave
2 Pandaren Brewmaster
1 Drunken Haze
1 Drunken Brawler
1 Blood Mage
1 Flame Strike
» actions
| Assign group hotkey | 37 | |
| Basic commands | 26 | |
| Build / train | 84 | |
| Enter build submenu | 67 | |
| Enter hero's abilities submenu | 18 | |
| Give item / drop item | 31 | |
| Remove unit from queue | 4 | |
| Right click | 5002 | |
| Select / deselect | 1067 | |
| Select group hotkey | 2171 | |
| Use ability | 1243 | |
9750 total
» units
| Peon | 19 | |
| Troll Witch Doctor | 2 | |
| Raider | 5 | |
| Spirit Walker | 1 | |
27 total
» upgrades
| Witch Doctor Training | 2 | |
| Ensnare | 1 | |
| Reinforced Defenses | 1 | |
| Spirit Walker Training | 1 | |
| Armor | 1 | |
6 total
» buildings
| Altar of Storms | 1 | |
| Orc Burrow | 6 | |
| Voodoo Lounge | 3 | |
| Stronghold | 1 | |
| Fortress | 1 | |
| Spirit Lodge | 1 | |
| War Mill | 2 | |
| Beastiary | 1 | |
| Watch Tower | 45 | |
| Great Hall | 1 | |
62 total
» build order
00:04 Altar of Storms
00:06 Orc Burrow
02:03 Voodoo Lounge
02:50 Stronghold
03:31 Voodoo Lounge
05:02 Voodoo Lounge
05:53 Fortress
06:00 Spirit Lodge
06:23 War Mill
06:56 Orc Burrow
08:32 Beastiary
09:24 Orc Burrow
09:25 Orc Burrow
14:21 Orc Burrow
14:21 Orc Burrow
20:41 War Mill
22:08 Watch Tower
22:09 Watch Tower
22:16 Watch Tower
22:17 Watch Tower
22:22 Watch Tower
22:24 Watch Tower
23:22 Watch Tower
23:22 Watch Tower
23:23 Watch Tower
23:25 Watch Tower
23:26 Watch Tower
23:27 Watch Tower
23:53 Watch Tower
23:54 Watch Tower
23:56 Watch Tower
23:58 Watch Tower
24:01 Watch Tower
24:04 Watch Tower
25:27 Watch Tower
25:31 Watch Tower
25:32 Watch Tower
25:36 Watch Tower
25:37 Watch Tower
25:41 Watch Tower
26:34 Watch Tower
26:41 Watch Tower
26:41 Watch Tower
26:46 Watch Tower
26:48 Watch Tower
26:56 Watch Tower
29:43 Watch Tower
29:44 Watch Tower
29:45 Watch Tower
131:13 Watch Tower
131:14 Watch Tower
131:15 Watch Tower
131:16 Watch Tower
131:18 Watch Tower
131:19 Watch Tower
131:21 Watch Tower
200:57 Watch Tower
200:57 Watch Tower
200:58 Watch Tower
201:04 Watch Tower
203:01 Watch Tower
318:30 Great Hall
» items
| Staff of Teleportation | 3 | |
| Boots of Speed | 2 | |
| Healing Salve | 2 | |
| Lesser Clarity Potion | 3 | |
| Scroll of Town Portal | 9 | |
| Tiny Great Hall | 3 | |
| Orb of Lightning | 2 | |
| Potion of Invisibility | 1 | |
25 total
50_foodhunts (
orange | 3 APM | 907 actions | 262:53)
4 Blood Mage
2 Flame Strike
2 Siphon Mana
» actions
| Assign group hotkey | 11 | |
| Build / train | 115 | |
| Enter build submenu | 47 | |
| Enter hero's abilities submenu | 4 | |
| Give item / drop item | 1 | |
| Right click | 342 | |
| Select / deselect | 284 | |
| Select group hotkey | 18 | |
| Use ability | 85 | |
907 total
» units
| Peasant | 23 | |
| Flying Machine | 45 | |
68 total
» upgrades
| Masonry | 3 | |
| Gunpowder | 3 | |
| Plating | 3 | |
| Flak Cannons | 1 | |
| Flying Machine Bombs | 1 | |
11 total
» buildings
| Lumber Mill | 1 | |
| Farm | 10 | |
| Scout Tower | 29 | |
| Guard Tower | 24 | |
| Arcane Vault | 1 | |
| Altar of Kings | 1 | |
| Keep | 1 | |
| Blacksmith | 2 | |
| Workshop | 2 | |
| Castle | 1 | |
72 total
» build order
00:11 Lumber Mill
00:18 Farm
01:10 Scout Tower
01:15 Scout Tower
01:29 Scout Tower
01:35 Scout Tower
01:39 Scout Tower
01:43 Guard Tower
01:47 Scout Tower
01:50 Scout Tower
02:05 Guard Tower
02:06 Guard Tower
02:10 Scout Tower
02:14 Scout Tower
02:18 Guard Tower
02:21 Scout Tower
02:25 Scout Tower
02:42 Guard Tower
02:58 Guard Tower
03:06 Guard Tower
03:23 Scout Tower
03:27 Scout Tower
03:30 Scout Tower
03:32 Guard Tower
03:32 Guard Tower
03:36 Scout Tower
03:41 Scout Tower
03:54 Guard Tower
03:55 Guard Tower
03:56 Guard Tower
03:59 Scout Tower
04:01 Scout Tower
04:06 Scout Tower
04:11 Guard Tower
04:12 Guard Tower
04:13 Guard Tower
04:16 Scout Tower
04:19 Scout Tower
04:33 Farm
04:39 Guard Tower
04:39 Guard Tower
04:43 Guard Tower
04:46 Scout Tower
04:48 Guard Tower
04:50 Scout Tower
04:56 Scout Tower
05:00 Scout Tower
05:18 Arcane Vault
05:30 Altar of Kings
05:43 Farm
05:48 Guard Tower
05:48 Guard Tower
05:50 Scout Tower
05:53 Scout Tower
05:56 Guard Tower
05:59 Scout Tower
06:01 Scout Tower
06:15 Farm
06:21 Guard Tower
06:30 Guard Tower
06:49 Keep
07:25 Blacksmith
07:57 Blacksmith
09:22 Workshop
10:09 Workshop
11:34 Farm
11:38 Farm
11:40 Farm
11:41 Farm
11:45 Castle
15:11 Farm
15:13 Farm
» items
| Healing Salve | 1 | |
| Scroll of Town Portal | 1 | |
| Staff of Teleportation | 1 | |
| Boots of Speed | 1 | |
| Circlet of Nobility | 1 | |
5 total

»
50Food_Hunts (
blue | 9 APM | 3534 actions | 378:53)
6 Pandaren Brewmaster
3 Breath of Fire
2 Drunken Haze
1 Storm Earth and Fire
» actions
| Assign group hotkey | 85 | |
| Basic commands | 7 | |
| Build / train | 54 | |
| Enter build submenu | 15 | |
| Enter hero's abilities submenu | 8 | |
| Give item / drop item | 4 | |
| Right click | 1315 | |
| Select / deselect | 353 | |
| Select group hotkey | 1440 | |
| Use ability | 253 | |
3534 total
» units
» upgrades
| Creature Attack | 2 | |
| Stone Form | 1 | |
| Ghoul Frenzy | 1 | |
4 total
» buildings
| Crypt | 3 | |
| Ziggurat | 4 | |
| Altar of Darkness | 1 | |
| Graveyard | 2 | |
| Tomb of Relics | 1 | |
| Halls of the Dead | 1 | |
| Sacrificial Pit | 1 | |
| Black Citadel | 2 | |
| Spirit Tower | 1 | |
16 total
» build order
00:11 Crypt
00:15 Ziggurat
00:40 Altar of Darkness
02:13 Ziggurat
03:11 Graveyard
03:13 Graveyard
03:49 Tomb of Relics
04:55 Halls of the Dead
06:01 Crypt
06:03 Crypt
06:22 Ziggurat
07:41 Sacrificial Pit
08:58 Black Citadel
09:01 Ziggurat
14:05 Spirit Tower
» items
| Healing Salve | 3 | |
| Boots of Speed | 1 | |
| Rod of Necromancy | 1 | |
| Lesser Clarity Potion | 6 | |
| Scroll of Speed | 4 | |
| Orb of Lightning | 1 | |
| Scroll of Town Portal | 2 | |
| Potion of Healing | 1 | |
| Tiny Great Hall | 1 | |
20 total
team 2 (winner)
FOREVEROWNAGE (
teal | 95 APM | 3599 actions | 37:52)
4 Keeper of the Grove
2 Entangling Roots
2 Thorns Aura
» actions
| Assign group hotkey | 48 | |
| Basic commands | 77 | |
| Build / train | 168 | |
| ESC pressed | 3 | |
| Enter build submenu | 141 | |
| Enter hero's abilities submenu | 4 | |
| Right click | 1424 | |
| Select / deselect | 451 | |
| Select group hotkey | 1122 | |
| Use ability | 161 | |
3599 total
» units
| Wisp | 130 | |
| Archer | 6 | |
| Glaive Thrower | 17 | |
153 total
» upgrades
| Strength of the Moon | 2 | |
| Moon Armor | 1 | |
| Nature's Blessing | 1 | |
4 total
» buildings
| Altar of Elders | 1 | |
| Moon Well | 9 | |
| Hunter's Hall | 1 | |
| Ancient of War | 2 | |
| Ancient Protector | 102 | |
| Tree of Ages | 1 | |
| Tree of Life | 3 | |
119 total
» build order
00:20 Altar of Elders
00:32 Moon Well
02:08 Hunter's Hall
02:09 Ancient of War
02:28 Ancient of War
02:39 Moon Well
03:08 Moon Well
03:58 Ancient Protector
04:18 Ancient Protector
05:23 Ancient Protector
05:36 Tree of Ages
08:04 Ancient Protector
09:54 Moon Well
10:41 Tree of Life
10:43 Ancient Protector
10:50 Ancient Protector
10:55 Ancient Protector
11:01 Ancient Protector
11:02 Ancient Protector
11:23 Ancient Protector
11:31 Ancient Protector
11:54 Ancient Protector
12:20 Ancient Protector
12:23 Ancient Protector
12:56 Ancient Protector
13:08 Ancient Protector
13:57 Ancient Protector
14:45 Ancient Protector
16:08 Ancient Protector
17:13 Ancient Protector
17:42 Ancient Protector
17:50 Moon Well
18:13 Ancient Protector
18:32 Moon Well
18:33 Moon Well
18:36 Moon Well
18:38 Moon Well
18:48 Ancient Protector
19:04 Ancient Protector
19:31 Ancient Protector
19:34 Ancient Protector
19:52 Ancient Protector
20:32 Ancient Protector
20:37 Ancient Protector
20:42 Ancient Protector
21:03 Ancient Protector
21:15 Ancient Protector
21:32 Ancient Protector
21:34 Ancient Protector
21:41 Ancient Protector
21:59 Ancient Protector
22:03 Ancient Protector
22:21 Ancient Protector
22:35 Ancient Protector
22:54 Ancient Protector
23:17 Ancient Protector
24:45 Ancient Protector
25:38 Tree of Life
26:41 Ancient Protector
26:42 Ancient Protector
27:00 Ancient Protector
27:13 Ancient Protector
27:29 Ancient Protector
27:44 Ancient Protector
27:57 Ancient Protector
28:23 Ancient Protector
28:42 Ancient Protector
28:54 Ancient Protector
29:34 Ancient Protector
30:16 Ancient Protector
30:24 Ancient Protector
30:31 Ancient Protector
30:42 Ancient Protector
30:53 Ancient Protector
31:13 Ancient Protector
31:18 Ancient Protector
31:23 Ancient Protector
31:29 Ancient Protector
31:35 Ancient Protector
31:37 Ancient Protector
31:46 Ancient Protector
31:52 Ancient Protector
31:57 Ancient Protector
32:10 Ancient Protector
32:17 Ancient Protector
32:23 Ancient Protector
32:28 Ancient Protector
32:38 Ancient Protector
32:49 Ancient Protector
32:58 Ancient Protector
34:53 Ancient Protector
34:53 Ancient Protector
34:55 Ancient Protector
34:57 Ancient Protector
35:08 Ancient Protector
35:09 Ancient Protector
35:11 Ancient Protector
35:12 Ancient Protector
35:13 Ancient Protector
35:29 Ancient Protector
35:40 Ancient Protector
35:46 Ancient Protector
35:50 Ancient Protector
35:59 Ancient Protector
36:13 Ancient Protector
36:20 Ancient Protector
36:30 Ancient Protector
36:33 Ancient Protector
36:42 Ancient Protector
37:13 Ancient Protector
37:16 Ancient Protector
37:22 Tree of Life
37:23 Ancient Protector
37:23 Ancient Protector
37:24 Ancient Protector
37:27 Ancient Protector
37:29 Ancient Protector
37:30 Ancient Protector
37:32 Ancient Protector
» items
IMBALANCEDpeon (
yellow | 46 APM | 17502 actions | 378:54)
5 Death Knight
3 Death Coil
2 Unholy Aura
6 Lich
3 Frost Nova
1 Dark Ritual
2 Frost Armor
» actions
| Assign group hotkey | 59 | |
| Basic commands | 451 | |
| Build / train | 76 | |
| ESC pressed | 3 | |
| Enter build submenu | 26 | |
| Enter hero's abilities submenu | 10 | |
| Give item / drop item | 2 | |
| Right click | 9775 | |
| Select / deselect | 2075 | |
| Select group hotkey | 4585 | |
| Use ability | 440 | |
17502 total
» units
| Acolyte | 12 | |
| Ghoul | 3 | |
| Crypt Fiend | 14 | |
| Frost Wyrm | 8 | |
| Harpy Windwitch | 1 | |
38 total
» upgrades
| Creature Carapace | 3 | |
| Web | 1 | |
| Burrow | 1 | |
| Freezing Breath | 1 | |
| Creature Attack | 2 | |
8 total
» buildings
| Graveyard | 1 | |
| Crypt | 1 | |
| Altar of Darkness | 1 | |
| Ziggurat | 10 | |
| Tomb of Relics | 1 | |
| Halls of the Dead | 2 | |
| Nerubian Tower | 1 | |
| Spirit Tower | 3 | |
| Black Citadel | 3 | |
| Sacrificial Pit | 1 | |
| Boneyard | 4 | |
| Moon Well | 2 | |
30 total
» build order
00:06 Graveyard
00:10 Crypt
00:23 Altar of Darkness
00:37 Ziggurat
01:00 Tomb of Relics
01:41 Ziggurat
03:25 Halls of the Dead
03:25 Halls of the Dead
03:52 Ziggurat
03:53 Ziggurat
04:08 Nerubian Tower
04:12 Spirit Tower
04:12 Spirit Tower
05:47 Black Citadel
05:48 Black Citadel
05:50 Sacrificial Pit
06:14 Ziggurat
08:09 Boneyard
08:10 Boneyard
09:21 Boneyard
10:51 Ziggurat
10:54 Ziggurat
11:41 Boneyard
11:44 Ziggurat
11:45 Ziggurat
20:54 Spirit Tower
27:45 Ziggurat
201:07 Moon Well
206:36 Moon Well
» items
| Rod of Necromancy | 1 | |
| Staff of Teleportation | 1 | |
| Tome of Retraining | 1 | |
| Scroll of Town Portal | 1 | |
| Dust of Appearance | 2 | |
6 total
tHe.weAkLinG (
purple | 22 APM | 8477 actions | 378:53)
5 Dark Ranger
2 Black Arrow
3 Silence
» actions
| Assign group hotkey | 95 | |
| Basic commands | 378 | |
| Build / train | 118 | |
| ESC pressed | 19 | |
| Enter build submenu | 32 | |
| Enter hero's abilities submenu | 6 | |
| Give item / drop item | 3 | |
| Right click | 5782 | |
| Select / deselect | 1243 | |
| Select group hotkey | 551 | |
| Use ability | 250 | |
8477 total
» units
| Wisp | 38 | |
| Chimaera | 33 | |
| Razormane Medicine Man | 1 | |
| Harpy Windwitch | 3 | |
| Harpy Rogue | 5 | |
80 total
» upgrades
| Ultravision | 2 | |
| Corrosive Breath | 2 | |
| Well Spring | 2 | |
| Reinforced Hides | 6 | |
| Strength of the Wild | 6 | |
| Nature's Blessing | 1 | |
| Vorpal Blades | 1 | |
20 total
» buildings
| Altar of Elders | 1 | |
| Moon Well | 12 | |
| Hunter's Hall | 1 | |
| Tree of Ages | 2 | |
| Tree of Life | 5 | |
| Tree of Eternity | 2 | |
| Ancient of Wind | 2 | |
| Chimaera Roost | 4 | |
| Ancient of Wonders | 1 | |
30 total
» build order
00:18 Altar of Elders
01:03 Moon Well
01:23 Hunter's Hall
03:41 Tree of Ages
04:59 Tree of Life
07:14 Tree of Eternity
08:50 Ancient of Wind
10:17 Chimaera Roost
10:23 Moon Well
10:25 Moon Well
11:08 Chimaera Roost
11:50 Moon Well
13:37 Moon Well
15:40 Moon Well
17:43 Ancient of Wonders
21:45 Tree of Life
22:41 Tree of Life
22:43 Tree of Life
22:45 Tree of Life
27:15 Tree of Ages
28:50 Moon Well
28:55 Moon Well
31:47 Moon Well
31:48 Moon Well
32:57 Moon Well
52:56 Tree of Eternity
86:32 Ancient of Wind
88:14 Chimaera Roost
88:21 Chimaera Roost
201:09 Moon Well
» items
| Dust of Appearance | 1 | |
| Scroll of Town Portal | 1 | |
| Anti-magic Potion | 1 | |
| Lesser Clarity Potion | 1 | |
| Orb of Venom | 1 | |
5 total
Chat log
(00:10 / Allies) tHe.weAkLinG: wowow...
(00:13 / Allies) IMBALANCEDpeon: wow
(00:14 / Allies) IMBALANCEDpeon: our ELL
(00:20 / Allies) tHe.weAkLinG: is dumb
(00:20 / Allies) tHe.weAkLinG: lol
(00:27 / Allies) IMBALANCEDpeon: u kno?
(00:29 / Allies) FOREVEROWNAGE: wat lvl are they
(00:30 / Allies) tHe.weAkLinG: yea.
(00:32 / Allies) IMBALANCEDpeon: cuz were 80percenters
(00:36 / Allies) tHe.weAkLinG: 35
(00:38 / Allies) IMBALANCEDpeon: ya
(00:40 / Allies) IMBALANCEDpeon: they topo
(00:41 / Allies) IMBALANCEDpeon: top
(00:43 / Allies) IMBALANCEDpeon: rmeebr?
(00:46 / Allies) tHe.weAkLinG: yea
(00:47 / Allies) tHe.weAkLinG: loooooool
(00:49 / Allies) IMBALANCEDpeon: mayvbe som1 else iw as talking abotu
(00:53 / Allies) tHe.weAkLinG: nope
(00:55 / Allies) tHe.weAkLinG: it was m
(00:56 / Allies) tHe.weAkLinG: e
(00:57 / Allies) FOREVEROWNAGE: do they tower?
(01:06 / Allies) IMBALANCEDpeon: idk
(01:06 / Allies) tHe.weAkLinG: i can't type and play
(01:09 / Allies) tHe.weAkLinG: i don't know
(01:29 / Allies) tHe.weAkLinG: late assssssssssssss fuck well
(01:42 / Allies) FOREVEROWNAGE: ya
(01:43 / Allies) FOREVEROWNAGE: tower
(01:44 / Allies) tHe.weAkLinG: yea proto
(01:45 / Allies) tHe.weAkLinG: lool
(01:47 / Allies) IMBALANCEDpeon: roflfrol
(01:53 / Allies) FOREVEROWNAGE: played em before and lost
(01:54 / Allies) IMBALANCEDpeon: fuckign fags
(02:03 / Allies) IMBALANCEDpeon: want to proto too?
(02:07 / Allies) tHe.weAkLinG: NO
(02:10 / Allies) FOREVEROWNAGE: y
(02:13 / Allies) FOREVEROWNAGE: ive never beaten it
(02:43 / Allies) IMBALANCEDpeon: air ont his map is imba
(02:48 / Allies) FOREVEROWNAGE: yo smuggle some wisps on their side
(02:58 / Allies) tHe.weAkLinG: they hack
(02:59 / Allies) tHe.weAkLinG: so bad
(03:02 / Allies) FOREVEROWNAGE: lol
(03:03 / Allies) tHe.weAkLinG: lets
(03:04 / Allies) tHe.weAkLinG: leave plz
(03:07 / Allies) IMBALANCEDpeon: no
(03:08 / Allies) IMBALANCEDpeon: plz
(03:11 / Allies) tHe.weAkLinG: rofl
(03:13 / Allies) tHe.weAkLinG: u kidding me
(03:14 / Allies) IMBALANCEDpeon: i wna fight
(03:15 / Allies) tHe.weAkLinG: this waste my time
(03:16 / Allies) IMBALANCEDpeon: like a warrior!
(03:21 / Allies) FOREVEROWNAGE: lets not leave
(03:22 / Allies) tHe.weAkLinG: if u are a warrior
(03:23 / Allies) FOREVEROWNAGE: thats pussy
(03:24 / Allies) tHe.weAkLinG: you have a clue
(03:28 / Allies) tHe.weAkLinG: pussy is
(03:29 / Allies) tHe.weAkLinG: towering
(03:34 / Allies) FOREVEROWNAGE: ill tower quick
(03:34 / Allies) IMBALANCEDpeon: lets toer
(03:35 / Allies) FOREVEROWNAGE: i mean
(03:36 / Allies) IMBALANCEDpeon: i mean
(03:36 / Allies) FOREVEROWNAGE: glaive
(03:37 / Allies) IMBALANCEDpeon: expo
(03:59 / Allies) tHe.weAkLinG: w00t for hackjs
(04:03 / Allies) FOREVEROWNAGE: tower
(04:06 / Allies) FOREVEROWNAGE: up
(04:27 / Allies) tHe.weAkLinG: do middles
(04:34 / Allies) tHe.weAkLinG: so we get advantage creeping
(04:35 / Allies) IMBALANCEDpeon: expo
(04:35 / Allies) tHe.weAkLinG: atleast
(06:01 / Allies) tHe.weAkLinG: run buy
(06:03 / Allies) tHe.weAkLinG: nvm
(06:04 / Allies) tHe.weAkLinG: 2 many
(06:13 / Allies) FOREVEROWNAGE: shud buy ward
(06:34 / Allies) IMBALANCEDpeon: chims are like anti proto
(06:35 / Allies) IMBALANCEDpeon: :O
(06:42 / Allies) tHe.weAkLinG: yea i teching
(07:41 / Allies) IMBALANCEDpeon: sell these?
(07:45 / Allies) tHe.weAkLinG: NO
(07:45 / Allies) tHe.weAkLinG: KEEP
(07:47 / Allies) tHe.weAkLinG: TO COIL
(07:49 / Allies) IMBALANCEDpeon: k
(07:55 / Allies) tHe.weAkLinG: are u hardup
(07:56 / Allies) tHe.weAkLinG: for gold?
(08:01 / Allies) tHe.weAkLinG: attack ground
(08:02 / Allies) IMBALANCEDpeon: no
(08:04 / Allies) IMBALANCEDpeon: k
(08:19 / Allies) IMBALANCEDpeon: bring wisp
(08:33 / Allies) tHe.weAkLinG: wtf
(08:34 / Allies) tHe.weAkLinG: just sit
(08:41 / Allies) tHe.weAkLinG: u coulda nuked the bm
(09:09 / Allies) tHe.weAkLinG: bm is gonna
(09:12 / Allies) tHe.weAkLinG: fucking kill u now guiy
(09:37 / Allies) tHe.weAkLinG: give me 2 glaives?
(09:48 / Allies) FOREVEROWNAGE: huh
(10:00 / Allies) FOREVEROWNAGE: so fuckin annoyoing
(10:25 / Allies) FOREVEROWNAGE: wow
(11:36 / Allies) tHe.weAkLinG: 3 yards
(11:37 / Allies) tHe.weAkLinG: plz
(12:30 / Allies) FOREVEROWNAGE: making a safe lane
(12:55 / Allies) tHe.weAkLinG: gj
(12:56 / Allies) tHe.weAkLinG: gj
(12:57 / Allies) tHe.weAkLinG: but
(12:58 / Allies) tHe.weAkLinG: go burrow
(13:00 / Allies) tHe.weAkLinG: him
(13:01 / Allies) tHe.weAkLinG: before bats
(13:02 / Allies) tHe.weAkLinG: fuck peons
(13:03 / Allies) tHe.weAkLinG: nigga
(13:09 / Allies) tHe.weAkLinG: go
(13:11 / Allies) tHe.weAkLinG: burrow him
(13:12 / Allies) tHe.weAkLinG: ?
(13:14 / Allies) tHe.weAkLinG: nbefore he bats u
(13:15 / Allies) tHe.weAkLinG: K
(13:16 / Allies) tHe.weAkLinG: GO
(13:20 / Allies) tHe.weAkLinG: BURROW
(13:20 / Allies) tHe.weAkLinG: MIDDLE
(13:21 / Allies) tHe.weAkLinG: GO
(13:21 / Allies) tHe.weAkLinG: GO
(13:22 / Allies) tHe.weAkLinG: OG
(13:29 / Allies) tHe.weAkLinG: fuck
(13:54 / Allies) tHe.weAkLinG: seee
(13:59 / Allies) tHe.weAkLinG: fucking probg won the game now
(14:14 / All) 100_FoodWyrms: 4 dead wyrms for 4 burrows
(14:16 / All) 100_FoodWyrms: good trade
(14:19 / Allies) FOREVEROWNAGE: lol
(14:33 / Allies) FOREVEROWNAGE: yo build some nerubs
(14:33 / Allies) tHe.weAkLinG: what he use to kill u?
(14:36 / Allies) tHe.weAkLinG: dood
(14:37 / Allies) tHe.weAkLinG: just
(14:38 / Allies) tHe.weAkLinG: hold positon
(14:40 / Allies) tHe.weAkLinG: with siege plz
(14:41 / Allies) tHe.weAkLinG: wtf
(14:45 / Allies) IMBALANCEDpeon: fuck
(14:46 / Allies) IMBALANCEDpeon: teal
(14:47 / Allies) IMBALANCEDpeon: u being nub
(14:48 / Allies) IMBALANCEDpeon: wtf
(14:54 / Allies) FOREVEROWNAGE: lol
(14:57 / Allies) IMBALANCEDpeon: wood plz
(14:58 / Allies) FOREVEROWNAGE: wat do u want me to build
(16:28 / Allies) FOREVEROWNAGE: see how safe we are
(16:49 / Allies) tHe.weAkLinG: more fiends plz
(16:53 / Allies) IMBALANCEDpeon: 100 food t_T_
(17:02 / Allies) tHe.weAkLinG: FUCK
(17:18 / Allies) IMBALANCEDpeon: go
(17:40 / Allies) IMBALANCEDpeon: base fuck?
(17:46 / Allies) tHe.weAkLinG: U GO
(17:47 / Allies) tHe.weAkLinG: GHREEN
(17:48 / Allies) tHe.weAkLinG: I GO HU
(18:04 / Allies) FOREVEROWNAGE: guard me eh
(18:07 / Allies) tHe.weAkLinG: go
(18:08 / Allies) tHe.weAkLinG: with
(18:09 / Allies) tHe.weAkLinG: wyrms
(18:19 / Allies) IMBALANCEDpeon: WHERRE?
(18:23 / Allies) tHe.weAkLinG: u
(18:24 / Allies) tHe.weAkLinG: get
(18:25 / Allies) tHe.weAkLinG: orc
(18:25 / Allies) IMBALANCEDpeon: k
(18:26 / Allies) tHe.weAkLinG: burrows
(18:56 / Allies) IMBALANCEDpeon: expo here?
(19:00 / Allies) tHe.weAkLinG: yes
(19:15 / Allies) FOREVEROWNAGE: oj
(19:20 / Allies) FOREVEROWNAGE: oj coming
(19:21 / Allies) FOREVEROWNAGE: we have noa a
(19:23 / Allies) FOREVEROWNAGE: aa
(19:31 / Allies) IMBALANCEDpeon: rb
(19:32 / Allies) IMBALANCEDpeon: ti ne
(19:35 / Allies) IMBALANCEDpeon: run to me
(20:19 / Allies) tHe.weAkLinG: wow
(20:22 / Allies) tHe.weAkLinG: fucking hacker
(20:25 / Allies) tHe.weAkLinG: just raped
(20:28 / Allies) tHe.weAkLinG: 10 chims
(20:31 / Allies) tHe.weAkLinG: fucking jokes
(20:45 / Allies) FOREVEROWNAGE: ill fortify
(20:46 / Allies) FOREVEROWNAGE: the line
(20:50 / Allies) FOREVEROWNAGE: dw
(21:02 / Allies) IMBALANCEDpeon: wTF?
(21:04 / Allies) IMBALANCEDpeon: whats going on
(21:21 / Allies) FOREVEROWNAGE: is wood available
(21:53 / Allies) FOREVEROWNAGE: wow u had that much wood lol
(23:07 / Allies) IMBALANCEDpeon: BNIBIBI
(23:08 / Allies) IMBALANCEDpeon: NON O
(23:10 / Allies) tHe.weAkLinG: what the fuck?
(23:12 / Allies) tHe.weAkLinG: give me a break
(23:26 / Allies) tHe.weAkLinG: how he get there.......
(23:32 / Allies) tHe.weAkLinG: yo
(23:33 / Allies) tHe.weAkLinG: just protect
(23:35 / Allies) tHe.weAkLinG: my chims
(23:39 / Allies) tHe.weAkLinG: kill
(23:40 / Allies) FOREVEROWNAGE: ya wtf
(23:41 / Allies) tHe.weAkLinG: ur siege
(23:42 / Allies) tHe.weAkLinG: now plz
(23:42 / Allies) FOREVEROWNAGE: how they get tehre
(23:43 / Allies) tHe.weAkLinG: and make
(23:44 / Allies) tHe.weAkLinG: chims too
(23:49 / Allies) tHe.weAkLinG: YP
(23:50 / Allies) tHe.weAkLinG: YELLOW
(23:53 / Allies) IMBALANCEDpeon: tes/\?
(23:54 / Allies) tHe.weAkLinG: ME
(23:57 / Allies) IMBALANCEDpeon: kk
(24:00 / Allies) IMBALANCEDpeon: teak
(24:02 / Allies) IMBALANCEDpeon: teal
(24:04 / Allies) IMBALANCEDpeon: jsut kill ur putls?
(24:07 / Allies) tHe.weAkLinG: YES
(24:09 / Allies) FOREVEROWNAGE: o he makes buildings
(24:10 / Allies) tHe.weAkLinG: HE DON'T NEED THEM
(24:15 / Allies) FOREVEROWNAGE: and it pushes his peasant up
(24:17 / Allies) tHe.weAkLinG: save ur base
(24:18 / Allies) tHe.weAkLinG: yellow
(24:18 / Allies) FOREVEROWNAGE: if there is no space
(24:19 / Allies) tHe.weAkLinG: yo
(24:19 / Allies) FOREVEROWNAGE: to move
(24:21 / Allies) tHe.weAkLinG: WOWOWOW
(24:23 / Allies) tHe.weAkLinG: SABVE UYR FUCKING BASE
(24:26 / Allies) FOREVEROWNAGE: okay
(24:54 / Allies) FOREVEROWNAGE: dude
(24:57 / Allies) FOREVEROWNAGE: if i put all my towers together
(24:58 / Allies) FOREVEROWNAGE: lol
(25:01 / Allies) FOREVEROWNAGE: shud i
(25:01 / Allies) FOREVEROWNAGE: ?
(25:06 / Allies) tHe.weAkLinG: no
(25:09 / Allies) tHe.weAkLinG: man
(25:11 / Allies) tHe.weAkLinG: just expo
(25:14 / Allies) FOREVEROWNAGE: okay
(25:29 / Allies) IMBALANCEDpeon: look plz
(25:33 / Allies) IMBALANCEDpeon: jesus
(25:35 / Allies) IMBALANCEDpeon: this is crazy
(25:38 / Allies) tHe.weAkLinG: PROTECT ME
(25:40 / Allies) tHe.weAkLinG: MY SCHIMS
(25:43 / Allies) tHe.weAkLinG: THATS ALL U GOTTA DO MAN
(25:53 / Allies) FOREVEROWNAGE: k
(25:55 / Allies) FOREVEROWNAGE: ill mas tower and expo
(26:00 / Allies) tHe.weAkLinG: it makes no sense
(26:02 / Allies) tHe.weAkLinG: how they got there
(26:06 / Allies) FOREVEROWNAGE: ya i know how
(26:08 / Allies) FOREVEROWNAGE: i told u
(26:11 / Allies) tHe.weAkLinG: ?
(26:15 / Allies) tHe.weAkLinG: FUCK
(26:17 / Allies) tHe.weAkLinG: BULLSHIT
(26:20 / Allies) tHe.weAkLinG: B
(26:24 / Allies) tHe.weAkLinG: TOWER AROUND
(26:25 / Allies) FOREVEROWNAGE: they make a lot of buildings around a peon and then when there are no more slots for him to move it pushes him up
(26:28 / Allies) tHe.weAkLinG: AND JUST CHOKE THEM OUT
(26:32 / All) 50Food_Hunts: I HOPE AUTOCAST WEB WINS THE GAME FOR ME
(26:41 / All) tHe.weAkLinG: I HOPE U STUPID NIGGERS ROT IN FUCKING HELL
(26:46 / All) tHe.weAkLinG: THANK GOD I HAVE 2 COMPUTERS
(26:46 / All) 50Food_Hunts: leave clown you lost
(26:54 / All) tHe.weAkLinG: you are the only clown
(26:58 / All) IMBALANCEDpeon: naaa
(26:58 / Allies) FOREVEROWNAGE: yo im gonna tower the whole map
(27:00 / All) 50Food_Hunts: you losat
(27:00 / All) IMBALANCEDpeon: we gonna stay
(27:03 / All) 100_FoodWyrms: he thinks he can just go afk and win
(27:09 / All) IMBALANCEDpeon: WHOA
(27:11 / All) IMBALANCEDpeon: HE KNOWS THE PLAN
(27:14 / All) IMBALANCEDpeon: GG
(27:23 / Allies) tHe.weAkLinG: tower
(27:24 / All) 50Food_Hunts: that's because every other clownt eam thinks the same thing
(27:25 / All) 50Food_Hunts: and they lose
(27:37 / Allies) tHe.weAkLinG: make more shades
(27:38 / All) IMBALANCEDpeon: nigga did i say u could talk?
(27:38 / All) 50Food_Hunts: you don't even have an orc
(27:44 / All) 50Food_Hunts: who cares what you say
(27:45 / All) tHe.weAkLinG: u so lonely u want to talk?
(27:49 / All) tHe.weAkLinG: want an autograph?
(27:54 / All) IMBALANCEDpeon: waa waa
(29:07 / Allies) IMBALANCEDpeon: yo if we pick off his copeters
(29:08 / Allies) IMBALANCEDpeon: slowy
(29:09 / Allies) IMBALANCEDpeon: we got this
(29:13 / Allies) tHe.weAkLinG: he got
(29:15 / Allies) tHe.weAkLinG: mass raiders
(29:15 / Allies) FOREVEROWNAGE: he cant walk
(29:17 / Allies) tHe.weAkLinG: at his shit man
(29:17 / Allies) IMBALANCEDpeon: mm
(29:18 / Allies) FOREVEROWNAGE: soon
(29:18 / Allies) IMBALANCEDpeon: shit
(29:26 / Allies) tHe.weAkLinG: we need
(29:27 / Allies) FOREVEROWNAGE: where are the raiders?
(29:27 / Allies) tHe.weAkLinG: sentinal
(29:36 / Allies) FOREVEROWNAGE: he cant get them out
(29:39 / Allies) tHe.weAkLinG: yes
(29:41 / Allies) tHe.weAkLinG: but if we go near
(29:42 / Allies) FOREVEROWNAGE: eventually we win we have more gold
(29:42 / Allies) tHe.weAkLinG: with air
(29:45 / Allies) tHe.weAkLinG: he just ensnare
(29:46 / Allies) tHe.weAkLinG: then we die
(29:48 / Allies) FOREVEROWNAGE: just take out the copters and
(29:49 / Allies) FOREVEROWNAGE: the bm
(30:04 / Allies) FOREVEROWNAGE: hm
(30:13 / Allies) FOREVEROWNAGE: so targ raiders first i guess
(30:19 / Allies) tHe.weAkLinG: no
(30:21 / Allies) tHe.weAkLinG: just patience
(31:17 / Allies) IMBALANCEDpeon: oj
(31:19 / Allies) IMBALANCEDpeon: copters were here
(32:04 / Allies) FOREVEROWNAGE: dont let bm stop my towers
(32:30 / Allies) IMBALANCEDpeon: shade
(32:33 / Allies) IMBALANCEDpeon: if uw na kil it
(32:46 / Allies) FOREVEROWNAGE: 1 less unit
(32:52 / Allies) IMBALANCEDpeon: he gong
(32:53 / Allies) IMBALANCEDpeon: here
(33:16 / Allies) FOREVEROWNAGE: yo
(33:22 / Allies) FOREVEROWNAGE: have an idea
(33:29 / Allies) FOREVEROWNAGE: if wat im saying is true then we can get a seige up there
(34:08 / Allies) FOREVEROWNAGE: shit u cant build here
(34:12 / Allies) FOREVEROWNAGE: how the fuck did thy get up there then
(34:13 / Allies) FOREVEROWNAGE: lol
(34:16 / Allies) IMBALANCEDpeon: they like
(34:19 / Allies) IMBALANCEDpeon: got a mini hall
(34:22 / Allies) IMBALANCEDpeon: and blink
(34:23 / Allies) IMBALANCEDpeon: somehwow
(34:25 / Allies) IMBALANCEDpeon: i frogot
(34:27 / Allies) tHe.weAkLinG: with
(34:28 / Allies) IMBALANCEDpeon: hot it works
(34:29 / Allies) tHe.weAkLinG: image
(34:32 / Allies) IMBALANCEDpeon: O YEAH
(34:33 / Allies) tHe.weAkLinG: mirror image
(34:36 / Allies) FOREVEROWNAGE: huh
(34:39 / Allies) IMBALANCEDpeon: ya i saw a youtube video
(34:41 / Allies) FOREVEROWNAGE: how mirror image
(34:42 / Allies) IMBALANCEDpeon: its glitch
(34:44 / All) tHe.weAkLinG: cute mirror image go
(34:50 / Allies) FOREVEROWNAGE: how does mirror image get up there
(34:56 / Allies) IMBALANCEDpeon: its gltich
(35:02 / Allies) IMBALANCEDpeon: u kno how it split?
(35:07 / Allies) IMBALANCEDpeon: well if u pack it in rgiht
(35:08 / Allies) tHe.weAkLinG: get me
(35:10 / Allies) IMBALANCEDpeon: it has no where to go
(35:12 / Allies) tHe.weAkLinG: a sige plz
(35:17 / Allies) tHe.weAkLinG: just
(35:18 / Allies) tHe.weAkLinG: 1
(35:24 / Allies) FOREVEROWNAGE: ok
(35:25 / Allies) FOREVEROWNAGE: its ocming
(36:05 / Allies) FOREVEROWNAGE: yo gold me a bit
(36:06 / Allies) IMBALANCEDpeon: 5 plus amror zomg
(36:11 / Allies) tHe.weAkLinG: i got 6k
(36:16 / Allies) IMBALANCEDpeon: ur the 1 with expo
(36:19 / Allies) IMBALANCEDpeon: i got no gold :(
(36:26 / Allies) IMBALANCEDpeon: yo i can kill my ghouls for more food
(36:33 / Allies) tHe.weAkLinG: ye
(36:42 / Allies) tHe.weAkLinG: where siege lol
(36:47 / Allies) FOREVEROWNAGE: shit another expo location
(36:50 / Allies) tHe.weAkLinG: yo
(36:53 / Allies) tHe.weAkLinG: wjere
(36:55 / Allies) tHe.weAkLinG: is the siege
(37:01 / Allies) tHe.weAkLinG: YO
(37:01 / Allies) tHe.weAkLinG: MAN
(37:04 / Allies) tHe.weAkLinG: CAN U MAKE ME SOME SIEGE
(37:08 / Allies) FOREVEROWNAGE: its there yo
(37:09 / Allies) IMBALANCEDpeon: its there
(37:09 / Allies) tHe.weAkLinG: here
(37:12 / Allies) tHe.weAkLinG: k
(37:13 / Allies) tHe.weAkLinG: i got it
(37:52 / Allies) IMBALANCEDpeon: fuck he lagging
(37:55 / Allies) tHe.weAkLinG: its ok?
(37:57 / Allies) IMBALANCEDpeon: ya
(37:57 / All) 100_FoodWyrms: disc hack activated
(38:07 / Allies) IMBALANCEDpeon: give him gold
(38:10 / Allies) IMBALANCEDpeon: so he cant get it?
(38:25 / Allies) tHe.weAkLinG: cuz...
(38:28 / Allies) tHe.weAkLinG: we could lose man
(38:35 / Allies) tHe.weAkLinG: lvl 6 panda
(38:35 / Allies) IMBALANCEDpeon: hmm only time will tell
(38:38 / Allies) IMBALANCEDpeon: ya :S
(38:40 / Allies) tHe.weAkLinG: bm and bm
(38:42 / Allies) IMBALANCEDpeon: but
(38:43 / Allies) IMBALANCEDpeon: panda
(38:45 / Allies) tHe.weAkLinG: could kill that shit ez
(38:45 / Allies) IMBALANCEDpeon: is very weak
(38:46 / Allies) IMBALANCEDpeon: rmeber
(38:50 / Allies) IMBALANCEDpeon: if u kill all the forms
(38:51 / Allies) IMBALANCEDpeon: its dead
(38:55 / Allies) IMBALANCEDpeon: so he cant
(38:56 / Allies) IMBALANCEDpeon: tp in
(38:58 / Allies) IMBALANCEDpeon: that stage
(38:58 / Allies) IMBALANCEDpeon: :O
(41:04 / Allies) IMBALANCEDpeon: hmm
(41:10 / Allies) IMBALANCEDpeon: wonder if
(41:12 / Allies) IMBALANCEDpeon: u could
(41:13 / Allies) IMBALANCEDpeon: garg
(41:16 / Allies) IMBALANCEDpeon: then stone
(41:19 / Allies) IMBALANCEDpeon: then tp to it
(41:21 / Allies) IMBALANCEDpeon: or
(41:22 / Allies) IMBALANCEDpeon: archer
(41:24 / Allies) tHe.weAkLinG: how can u tp
(41:25 / Allies) IMBALANCEDpeon: and drop off
(41:26 / Allies) tHe.weAkLinG: to gargs lol
(41:28 / Allies) IMBALANCEDpeon: use tele port
(41:34 / Allies) IMBALANCEDpeon: tele staff
(41:53 / Allies) tHe.weAkLinG: i dunno wtf to do
(42:00 / Allies) IMBALANCEDpeon: draw em out
(42:03 / Allies) IMBALANCEDpeon: do waht we did before
(42:06 / Allies) tHe.weAkLinG: how though
(42:14 / Allies) IMBALANCEDpeon: u got long range
(42:15 / Allies) IMBALANCEDpeon: chims
(42:20 / Allies) tHe.weAkLinG: they got raiders
(42:29 / Allies) IMBALANCEDpeon: tue
(42:32 / Allies) IMBALANCEDpeon: dont get too close
(42:39 / Allies) IMBALANCEDpeon: b
(42:47 / All) 50Food_Hunts: leave
(42:50 / All) IMBALANCEDpeon: u leave nigga
(42:50 / All) tHe.weAkLinG: u leave
(42:54 / All) tHe.weAkLinG: why do you deserve the win
(42:55 / All) 50Food_Hunts: but we won
(42:58 / All) IMBALANCEDpeon: k we wont
(42:58 / All) tHe.weAkLinG: cuz u glitch?
(43:17 / All) 100_FoodWyrms: "glitch"
(43:22 / All) tHe.weAkLinG: mirror image wow
(43:27 / All) tHe.weAkLinG: do u just pray for this map?
(43:38 / All) 100_FoodWyrms: mirror image doesnt climb cliffs idiot
(43:41 / Allies) tHe.weAkLinG: we could
(43:43 / Allies) tHe.weAkLinG: use healing warm
(43:46 / All) 100_FoodWyrms: its sad that you dont know how to use the boats
(43:47 / Allies) IMBALANCEDpeon: hmm
(43:54 / All) tHe.weAkLinG: there is no boats
(43:59 / All) IMBALANCEDpeon: its sad that u cant play right
(44:00 / All) 50Food_Hunts: what are you talking about
(44:03 / All) 100_FoodWyrms: FLYING BOATS
(44:11 / All) 50Food_Hunts: noobs dont know about the boats
(44:19 / Allies) IMBALANCEDpeon: wow opps
(44:29 / Allies) tHe.weAkLinG: yo
(44:30 / Allies) IMBALANCEDpeon: LOL
(44:33 / Allies) tHe.weAkLinG: send a couple fiends here
(44:37 / Allies) IMBALANCEDpeon: wher?
(44:53 / Allies) IMBALANCEDpeon: wtf u doing
(44:55 / Allies) tHe.weAkLinG: he baiting u
(44:58 / Allies) tHe.weAkLinG: i didn't do it
(44:59 / Allies) tHe.weAkLinG: u did
(45:01 / Allies) IMBALANCEDpeon: TYES
(45:01 / Allies) IMBALANCEDpeon: U DID
(45:16 / Allies) IMBALANCEDpeon: u had unit control on it
(45:17 / Allies) IMBALANCEDpeon: wtf
(45:20 / All) 100_FoodWyrms: IM ON A BOAT
(45:23 / Allies) tHe.weAkLinG: i tried to save it
(45:26 / Allies) IMBALANCEDpeon: w/e
(45:42 / Allies) tHe.weAkLinG: should i feed
(45:45 / Allies) tHe.weAkLinG: forever everything?
(45:48 / Allies) IMBALANCEDpeon: no
(45:50 / All) 50_foodhunts: waste any more gold on ancient protectors while i was alt tabbed?
(45:51 / Allies) IMBALANCEDpeon: he cant give back
(45:56 / Allies) IMBALANCEDpeon: unless u want somethign
(45:57 / All) tHe.weAkLinG: i got 10k
(45:58 / All) tHe.weAkLinG: k thx
(46:24 / Allies) tHe.weAkLinG: wow zzzz
(46:25 / All) tHe.weAkLinG: zzzz
(46:29 / All) 50_foodhunts: those ancient protectors will come in useful assaulting this plateau
(46:43 / All) tHe.weAkLinG: u kids are funny
(46:47 / All) 50Food_Hunts: you lost
(46:55 / All) tHe.weAkLinG: you lost
(46:56 / All) IMBALANCEDpeon: whats there to lose but time?
(46:58 / All) 50Food_Hunts: no
(47:03 / All) tHe.weAkLinG: yep
(47:05 / All) tHe.weAkLinG: i'mma sit here
(47:06 / All) 50Food_Hunts: we've done this dozens of times
(47:09 / All) 50Food_Hunts: why do you think you are special
(47:11 / All) 50Food_Hunts: and won't lose
(47:12 / All) tHe.weAkLinG: for the next 30 hours
(47:14 / All) 100_FoodWyrms: phase 4
(47:14 / All) IMBALANCEDpeon: sup by the time u lose this game u could of watched replays on wcr and learned to play
(47:22 / All) 100_FoodWyrms: the "ill never leave" phase
(47:30 / All) 50Food_Hunts: why would i watch replays of people we beat ???
(47:32 / All) tHe.weAkLinG: u guys
(47:34 / All) tHe.weAkLinG: are stuck
(47:35 / All) 100_FoodWyrms: itll be about 20 minutes until they go to phase 5
(47:39 / All) 100_FoodWyrms: where they either suicide and leave
(47:41 / All) tHe.weAkLinG: on ur stupid plateau***
(47:43 / All) 100_FoodWyrms: or go afk
(47:46 / All) tHe.weAkLinG: go play dire straits in sc
(47:53 / All) 50Food_Hunts: sc is for noobs
(47:57 / All) 50Food_Hunts: no boats in sc
(47:59 / All) tHe.weAkLinG: you are a noob
(48:02 / All) tHe.weAkLinG: go play sc
(48:10 / All) tHe.weAkLinG: there is only boats in wc2
(48:11 / All) 50Food_Hunts: im too skilled for sc
(48:24 / All) tHe.weAkLinG: you 3 must be lonely
(48:30 / All) tHe.weAkLinG: i'll be your friend is you leave
(48:30 / All) 50Food_Hunts: you're still here friend
(48:48 / Allies) tHe.weAkLinG: i dunno
(48:50 / Allies) tHe.weAkLinG: what to do
(48:55 / Allies) IMBALANCEDpeon: ya
(48:57 / Allies) IMBALANCEDpeon: umm
(49:00 / Allies) tHe.weAkLinG: like
(49:01 / Allies) IMBALANCEDpeon: liek i said pull?
(49:02 / Allies) tHe.weAkLinG: we could
(49:03 / Allies) tHe.weAkLinG: no
(49:05 / Allies) IMBALANCEDpeon: they dont have raiders here
(49:07 / Allies) tHe.weAkLinG: they will just ensnare u
(49:12 / Allies) tHe.weAkLinG: the more we waste gold
(49:15 / Allies) tHe.weAkLinG: the better chance they have
(49:20 / Allies) tHe.weAkLinG: we have to wait for them to do something
(49:24 / All) tHe.weAkLinG: patience is my middle name
(49:30 / All) tHe.weAkLinG: you can't win if we counter u
(49:33 / All) 50Food_Hunts: noone cares
(49:38 / All) IMBALANCEDpeon: i care
(49:39 / All) tHe.weAkLinG: so u can wait for me to suicide
(49:58 / Allies) tHe.weAkLinG: if we stayed
(50:01 / Allies) tHe.weAkLinG: outta tower rage
(50:06 / Allies) tHe.weAkLinG: like here
(50:16 / Allies) IMBALANCEDpeon: hmm
(50:17 / Allies) tHe.weAkLinG: nah
(50:18 / Allies) tHe.weAkLinG: just wait
(50:20 / Allies) tHe.weAkLinG: just wait
(50:22 / Allies) IMBALANCEDpeon: kk
(51:05 / Allies) IMBALANCEDpeon: u c that :S
(51:10 / Allies) tHe.weAkLinG: they got
(51:12 / Allies) IMBALANCEDpeon: u can take out all hsi gargs
(51:13 / Allies) tHe.weAkLinG: higher ground
(51:15 / Allies) tHe.weAkLinG: they can see
(51:16 / Allies) tHe.weAkLinG: so much shit
(51:19 / Allies) IMBALANCEDpeon: or are they immune?
(51:25 / Allies) tHe.weAkLinG: what gargs man.......
(51:30 / Allies) IMBALANCEDpeon: WATCH
(51:38 / Allies) tHe.weAkLinG: GYROS?
(51:50 / Allies) IMBALANCEDpeon: u c?
(51:55 / Allies) tHe.weAkLinG: NOPE
(51:58 / Allies) IMBALANCEDpeon: WTF
(51:59 / Allies) IMBALANCEDpeon: LOOK
(52:23 / Allies) tHe.weAkLinG: OHWOW
(52:24 / All) 50_foodhunts: counter us by spending half your gold on ancient protectors?
(52:25 / Allies) IMBALANCEDpeon: ye
(52:26 / Allies) tHe.weAkLinG: I DIDN'T EVEN SEE THE GARGS
(52:32 / All) 50_foodhunts: boom goes the dynamite - bart simpson
(52:34 / All) tHe.weAkLinG: we have 20k
(52:35 / All) tHe.weAkLinG: k thx
(52:55 / Allies) IMBALANCEDpeon: lol @ teal
(52:57 / Allies) IMBALANCEDpeon: doing mass towers
(52:57 / Allies) IMBALANCEDpeon: ^_^_
(53:00 / Allies) tHe.weAkLinG: yea...
(53:01 / Allies) tHe.weAkLinG: lol
(53:02 / Allies) IMBALANCEDpeon: YO WE
(53:05 / All) 100_FoodWyrms: and you have nothing to spend it on except exp tomes
(53:05 / Allies) IMBALANCEDpeon: COULD MAKE THEM MOVE
(53:11 / Allies) IMBALANCEDpeon: circel the whole mountain?
(53:18 / Allies) tHe.weAkLinG: yea
(53:19 / Allies) tHe.weAkLinG: but then
(53:23 / Allies) tHe.weAkLinG: yea
(53:25 / Allies) tHe.weAkLinG: start doing that
(53:31 / Allies) tHe.weAkLinG: i'll clear trees
(53:35 / All) 100_FoodWyrms: i can only imagine how much gold you lost to upkeep
(53:39 / All) 100_FoodWyrms: probably at least another 25k
(54:00 / All) tHe.weAkLinG: how much gold did we mine from u?
(54:06 / All) 50Food_Hunts: not enough
(54:10 / All) tHe.weAkLinG: ok
(54:13 / Allies) tHe.weAkLinG: lol
(54:21 / All) 50Food_Hunts: Leave - tupac
(54:37 / All) IMBALANCEDpeon: im so white- i listen to rap
(54:55 / Allies) tHe.weAkLinG: send
(54:57 / Allies) tHe.weAkLinG: some fiends
(55:07 / All) 50Food_Hunts: rap isn't about race...
(55:08 / Allies) tHe.weAkLinG: protect
(55:10 / Allies) tHe.weAkLinG: some fiends
(55:33 / Allies) tHe.weAkLinG: like
(55:36 / Allies) tHe.weAkLinG: fucking all of them
(55:55 / Allies) tHe.weAkLinG: FUCK MAN
(56:12 / Allies) tHe.weAkLinG: root them
(56:13 / Allies) tHe.weAkLinG: quickly
(56:16 / Allies) tHe.weAkLinG: what the fuck are u doing
(56:19 / Allies) tHe.weAkLinG: THAT FEEDS THEM
(56:21 / Allies) tHe.weAkLinG: HUGE XP
(56:24 / Allies) IMBALANCEDpeon: IDK
(56:26 / Allies) IMBALANCEDpeon: i need hlep
(56:29 / Allies) tHe.weAkLinG: just
(56:31 / Allies) tHe.weAkLinG: do it slowly
(58:49 / Allies) tHe.weAkLinG: your nobody til somebody kills you
(61:21 / Allies) tHe.weAkLinG: i starting to get a headache
(61:25 / Allies) IMBALANCEDpeon: same
(61:26 / Allies) tHe.weAkLinG: this is why we should have fucking left
(61:29 / Allies) IMBALANCEDpeon: yo
(61:30 / Allies) IMBALANCEDpeon: common
(61:35 / Allies) IMBALANCEDpeon: IM A WARRIOR
(61:35 / Allies) tHe.weAkLinG: fucking faggots
(61:37 / Allies) IMBALANCEDpeon: u know that song?
(61:37 / Allies) tHe.weAkLinG: you are both faggots
(61:43 / Allies) tHe.weAkLinG: nah you are a stupid faggot
(61:48 / Allies) tHe.weAkLinG: that doesn't value his time
(61:53 / Allies) tHe.weAkLinG: and i am a stupid nigger
(61:59 / Allies) tHe.weAkLinG: who got influenced by a 15 yr old
(62:05 / Allies) IMBALANCEDpeon: LOL
(62:32 / Allies) tHe.weAkLinG: WOW
(64:21 / All) tHe.weAkLinG: how much gold u got?
(65:45 / Allies) tHe.weAkLinG: can't u coild
(65:48 / Allies) tHe.weAkLinG: like gyros?
(65:51 / Allies) IMBALANCEDpeon: L:*
(67:37 / Allies) IMBALANCEDpeon: sentry wards
(67:39 / Allies) IMBALANCEDpeon: wow
(67:46 / Allies) tHe.weAkLinG: yea no shit man lol
(68:02 / Allies) IMBALANCEDpeon: watch ur shit
(68:07 / Allies) tHe.weAkLinG: i trying not too
(69:02 / Allies) IMBALANCEDpeon: gold mee
(69:02 / Allies) IMBALANCEDpeon: 1k
(69:06 / Allies) tHe.weAkLinG: no
(69:07 / Allies) IMBALANCEDpeon: ill get those fast birdies again
(69:09 / Allies) tHe.weAkLinG: it will be taxed
(69:13 / Allies) IMBALANCEDpeon: hah
(69:26 / Allies) IMBALANCEDpeon: they can outrun
(69:28 / Allies) IMBALANCEDpeon: copters
(69:29 / Allies) IMBALANCEDpeon: i thin
(69:30 / Allies) IMBALANCEDpeon: k
(69:50 / Allies) IMBALANCEDpeon: bull
(69:55 / Allies) IMBALANCEDpeon: that was long 10000000 ft
(70:01 / Allies) tHe.weAkLinG: just
(70:04 / Allies) tHe.weAkLinG: sit tighttttttttt
(70:08 / Allies) tHe.weAkLinG: we pro now
(70:12 / All) IMBALANCEDpeon: so where u guys from?
(70:18 / Allies) tHe.weAkLinG: if we just get teal to mass dryads or something?
(70:19 / All) IMBALANCEDpeon: i mean we gonna spend so much time
(70:20 / All) 50Food_Hunts: ym
(70:23 / All) IMBALANCEDpeon: we might as well talk
(70:43 / All) IMBALANCEDpeon: o ya that place is nice
(71:04 / Allies) tHe.weAkLinG: lets take shifts
(71:04 / All) IMBALANCEDpeon: i heard it was pretty cold out there?
(71:09 / Allies) IMBALANCEDpeon: >_<
(71:12 / Allies) tHe.weAkLinG: i'll relieve u tommorow at 6pm
(71:16 / Allies) IMBALANCEDpeon: ahhahah
(71:17 / Allies) IMBALANCEDpeon: ahahha
(71:32 / All) tHe.weAkLinG: how u niggers gonna win
(71:34 / All) tHe.weAkLinG: i am curious
(71:42 / Allies) IMBALANCEDpeon: yo dued
(71:45 / Allies) IMBALANCEDpeon: u kno we could go afk
(71:49 / Allies) IMBALANCEDpeon: if we put all the towers
(71:50 / Allies) IMBALANCEDpeon: togerther
(71:51 / Allies) tHe.weAkLinG: we will
(71:54 / Allies) IMBALANCEDpeon: and we just go afk
(71:55 / Allies) tHe.weAkLinG: after we put towers
(71:55 / Allies) IMBALANCEDpeon: ROFL
(72:02 / Allies) tHe.weAkLinG: and spread
(72:04 / Allies) tHe.weAkLinG: some archers around
(72:07 / Allies) tHe.weAkLinG: then we;ll just afk
(72:10 / Allies) IMBALANCEDpeon: like if we go mid
(72:10 / Allies) tHe.weAkLinG: i'll leave my comp on
(72:13 / Allies) IMBALANCEDpeon: and just do a circle jerk
(72:15 / Allies) IMBALANCEDpeon: of towers
(72:16 / Allies) IMBALANCEDpeon: gg
(72:23 / Allies) tHe.weAkLinG: no
(72:28 / Allies) tHe.weAkLinG: if they get out
(72:31 / Allies) tHe.weAkLinG: thenw e can just flam
(72:32 / Allies) tHe.weAkLinG: e
(72:36 / Allies) tHe.weAkLinG: bladestorme tc
(72:41 / Allies) IMBALANCEDpeon: hmm true
(72:46 / Allies) tHe.weAkLinG: but
(72:48 / Allies) tHe.weAkLinG: nvm
(72:50 / Allies) tHe.weAkLinG: they are stuck there
(72:52 / All) tHe.weAkLinG: roflmao
(72:56 / All) tHe.weAkLinG: u kids are stuck aren't u?
(72:58 / All) tHe.weAkLinG: hahahaha
(73:06 / Allies) IMBALANCEDpeon: THEY CANT TP OUT :O
(73:10 / Allies) IMBALANCEDpeon: they got no shades
(73:11 / All) tHe.weAkLinG: omg fuck u niggers
(73:12 / Allies) IMBALANCEDpeon: to tele too
(73:13 / All) tHe.weAkLinG: afk for life
(73:19 / All) tHe.weAkLinG: hahahahahahahaha
(73:22 / All) tHe.weAkLinG: thanks kiddios
(73:24 / All) tHe.weAkLinG: u made my night
(73:36 / Allies) tHe.weAkLinG: they can't siege us
(73:39 / Allies) tHe.weAkLinG: to clear a path
(73:44 / Allies) tHe.weAkLinG: all they could do
(73:48 / Allies) tHe.weAkLinG: is nothing
(73:50 / Allies) tHe.weAkLinG: lol
(73:51 / Allies) IMBALANCEDpeon: :D
(73:57 / All) tHe.weAkLinG: hahahaha
(74:00 / All) tHe.weAkLinG: bitch ass niggers
(74:05 / Allies) tHe.weAkLinG: yo
(74:12 / Allies) tHe.weAkLinG: since they can't do anything
(74:16 / Allies) tHe.weAkLinG: u wanna try sieging them?
(74:20 / Allies) IMBALANCEDpeon: how :O
(74:24 / Allies) tHe.weAkLinG: ok
(74:28 / Allies) tHe.weAkLinG: i will just make
(74:31 / Allies) tHe.weAkLinG: mass chims
(74:35 / Allies) tHe.weAkLinG: and u have fiends/wyrms right
(74:38 / Allies) tHe.weAkLinG: then we healward
(74:38 / Allies) IMBALANCEDpeon: ye
(74:54 / Allies) tHe.weAkLinG: he can't possibly kill
(74:57 / Allies) tHe.weAkLinG: 16k
(75:00 / Allies) tHe.weAkLinG: worth of chims
(75:02 / Allies) tHe.weAkLinG: u know?
(75:02 / Allies) tHe.weAkLinG: lol
(75:03 / Allies) IMBALANCEDpeon: hmm
(75:04 / Allies) IMBALANCEDpeon: ye
(75:08 / Allies) tHe.weAkLinG: thats...
(75:10 / Allies) tHe.weAkLinG: 32 chims?
(75:14 / Allies) IMBALANCEDpeon: ya
(75:31 / Allies) tHe.weAkLinG: meet mid
(76:01 / Allies) IMBALANCEDpeon: all units to mid?
(76:07 / Allies) tHe.weAkLinG: not wisps
(78:00 / All) 50_foodhunts: dont you have anything better to do than to sit there and type trash that nobody cares about
(78:06 / All) tHe.weAkLinG: nope
(78:08 / All) tHe.weAkLinG: smoking weed
(78:11 / All) tHe.weAkLinG: jerking off
(78:15 / All) IMBALANCEDpeon: U GOT MATCHED UP WITH THE WRONG NIGGERS
(78:17 / All) tHe.weAkLinG: laughing at u guys
(78:20 / All) 50_foodhunts: every time i alt tab in your nerd ass is typing something retarded
(78:27 / All) tHe.weAkLinG: u guys
(78:29 / All) 50_foodhunts: and i laugh then re alt tab
(78:29 / All) tHe.weAkLinG: are stuck
(78:34 / All) tHe.weAkLinG: i'mma try to kill u
(78:36 / All) tHe.weAkLinG: sometime
(78:39 / All) tHe.weAkLinG: then go afk
(78:43 / All) tHe.weAkLinG: spend my goldddddd
(79:06 / Allies) IMBALANCEDpeon: :O
(79:29 / Allies) tHe.weAkLinG: i want to be able to see
(79:36 / Allies) tHe.weAkLinG: everything else
(79:40 / Allies) tHe.weAkLinG: don't matter guy
(81:14 / Allies) IMBALANCEDpeon: party at mid :O
(81:19 / Allies) tHe.weAkLinG: ye
(81:42 / Allies) tHe.weAkLinG: man i lost my harpy
(81:43 / Allies) tHe.weAkLinG: lol
(81:50 / Allies) IMBALANCEDpeon: :O?
(81:52 / Allies) tHe.weAkLinG: yea
(81:54 / Allies) tHe.weAkLinG: not that opne
(83:43 / Allies) tHe.weAkLinG: cuz
(83:43 / Allies) tHe.weAkLinG: yo
(83:47 / Allies) tHe.weAkLinG: if
(83:47 / Allies) tHe.weAkLinG: we
(83:50 / Allies) tHe.weAkLinG: mass healscrolls
(83:54 / Allies) tHe.weAkLinG: we won't lose shit either
(84:01 / Allies) IMBALANCEDpeon: ya and protection scrolls
(84:07 / Allies) IMBALANCEDpeon: we got fully upgrade armor
(84:26 / Allies) IMBALANCEDpeon: yo im gonna pee
(84:29 / Allies) IMBALANCEDpeon: real quick
(84:36 / Allies) tHe.weAkLinG: stop
(84:40 / Allies) tHe.weAkLinG: fucking around with tresnts
(84:51 / Allies) IMBALANCEDpeon: k :(
(84:53 / Allies) IMBALANCEDpeon: tree party sry
(85:01 / Allies) IMBALANCEDpeon: gonna pee
(85:02 / Allies) IMBALANCEDpeon: brb
(85:03 / Allies) tHe.weAkLinG: i'ma gonna mass chims
(85:04 / Allies) tHe.weAkLinG: with teal
(86:42 / Allies) IMBALANCEDpeon: kk
(86:43 / Allies) IMBALANCEDpeon: go for it
(86:49 / Allies) IMBALANCEDpeon: HOLY CRAP
(86:50 / Allies) tHe.weAkLinG: yea
(86:51 / Allies) IMBALANCEDpeon: 18k wood
(86:52 / Allies) IMBALANCEDpeon: :D
(86:52 / Allies) tHe.weAkLinG: i dunno?
(86:53 / Allies) tHe.weAkLinG: lol
(87:20 / Allies) tHe.weAkLinG: they all afk
(87:22 / Allies) tHe.weAkLinG: so
(87:25 / Allies) tHe.weAkLinG: dood
(87:27 / Allies) tHe.weAkLinG: all we gotta do
(87:32 / Allies) IMBALANCEDpeon: ya
(87:34 / Allies) tHe.weAkLinG: is just bait with wyrm/chims
(87:41 / Allies) tHe.weAkLinG: and be
(87:44 / Allies) tHe.weAkLinG: very very careful
(87:51 / Allies) tHe.weAkLinG: go kill some gargs?
(87:55 / Allies) IMBALANCEDpeon: ye
(87:56 / Allies) IMBALANCEDpeon: i think
(87:58 / Allies) tHe.weAkLinG: or u can't?
(87:58 / Allies) IMBALANCEDpeon: they spell immune
(87:59 / Allies) IMBALANCEDpeon: to
(88:01 / Allies) IMBALANCEDpeon: tho*
(88:03 / Allies) tHe.weAkLinG: they are
(89:39 / Allies) IMBALANCEDpeon: man
(89:44 / Allies) IMBALANCEDpeon: frost are ugly
(89:46 / Allies) IMBALANCEDpeon: when u zoom in
(89:56 / Allies) tHe.weAkLinG: lol
(90:00 / Allies) IMBALANCEDpeon: bliz made
(90:03 / Allies) IMBALANCEDpeon: them havbe...
(90:05 / Allies) IMBALANCEDpeon: like rams
(90:26 / Allies) tHe.weAkLinG: woah
(90:28 / Allies) IMBALANCEDpeon: :(
(90:28 / Allies) tHe.weAkLinG: wtf???????/
(90:31 / Allies) tHe.weAkLinG: what was it
(90:32 / Allies) tHe.weAkLinG: lol
(90:37 / Allies) IMBALANCEDpeon: HERO
(91:18 / Allies) IMBALANCEDpeon: i go
(92:39 / Allies) tHe.weAkLinG: i dunno
(92:42 / Allies) tHe.weAkLinG: where the fuck
(92:44 / Allies) tHe.weAkLinG: he was hiding lol
(92:57 / Allies) IMBALANCEDpeon: ya wow
(92:59 / Allies) IMBALANCEDpeon: some shade
(93:00 / Allies) IMBALANCEDpeon: i guess
(95:01 / Allies) IMBALANCEDpeon: found it
(95:01 / Allies) IMBALANCEDpeon: gg
(95:02 / Allies) tHe.weAkLinG: gj gj
(95:46 / Allies) tHe.weAkLinG: aight u rdy
(95:48 / Allies) tHe.weAkLinG: ti try to hit?
(95:50 / Allies) IMBALANCEDpeon: ya
(95:54 / Allies) IMBALANCEDpeon: let me put on some music
(95:58 / Allies) IMBALANCEDpeon: to do this
(96:03 / Allies) IMBALANCEDpeon: without falling asleep :D
(96:05 / Allies) IMBALANCEDpeon: 1 sec
(96:08 / Allies) tHe.weAkLinG: from middle
(96:12 / Allies) tHe.weAkLinG: let me
(96:13 / Allies) tHe.weAkLinG: tower
(96:15 / Allies) tHe.weAkLinG: u just
(96:18 / Allies) tHe.weAkLinG: coverme
(96:38 / Allies) tHe.weAkLinG: come
(96:41 / Allies) IMBALANCEDpeon: brinign
(96:43 / Allies) IMBALANCEDpeon: all fiends
(97:06 / Allies) tHe.weAkLinG: WHAT THE FUCK
(97:07 / Allies) tHe.weAkLinG: DID I TELL UI
(97:41 / Allies) tHe.weAkLinG: YO
(97:46 / Allies) tHe.weAkLinG: HIT AND RUN THAT SHIT WITH WYRMS
(97:48 / Allies) tHe.weAkLinG: IF U CAN
(97:53 / Allies) tHe.weAkLinG: I'LL
(97:55 / Allies) tHe.weAkLinG: SPLIT EM
(97:56 / Allies) tHe.weAkLinG: U KNOW
(98:00 / Allies) IMBALANCEDpeon: k
(98:44 / Allies) tHe.weAkLinG: U NOT
(98:45 / Allies) tHe.weAkLinG: SPLITTING MAN
(98:53 / Allies) IMBALANCEDpeon: riaders
(98:53 / Allies) IMBALANCEDpeon: fuck
(98:54 / Allies) tHe.weAkLinG: DON'T
(98:55 / Allies) tHe.weAkLinG: FUCKING
(98:56 / Allies) tHe.weAkLinG: FOLLOW ME
(98:57 / Allies) tHe.weAkLinG: MAN
(98:58 / Allies) tHe.weAkLinG: JUST
(99:00 / Allies) tHe.weAkLinG: COVER ME
(99:06 / Allies) tHe.weAkLinG: use dk's mana
(99:08 / Allies) tHe.weAkLinG: on 1 wyrmn etc
(101:44 / Allies) tHe.weAkLinG: use this chim
(101:58 / Allies) tHe.weAkLinG: i going to heal
(102:34 / Allies) tHe.weAkLinG: yea they got nothing
(102:41 / Allies) IMBALANCEDpeon: no tps now
(104:00 / Allies) tHe.weAkLinG: swtich
(104:03 / Allies) tHe.weAkLinG: go back here
(104:06 / Allies) IMBALANCEDpeon: k
(104:20 / Allies) IMBALANCEDpeon: stupid nigger
(104:25 / Allies) tHe.weAkLinG: lol
(104:46 / Allies) tHe.weAkLinG: bait him
(104:47 / Allies) tHe.weAkLinG: with chim
(104:49 / Allies) tHe.weAkLinG: so i can main
(106:45 / Allies) IMBALANCEDpeon: he tele
(106:51 / Allies) tHe.weAkLinG: hmmmmmmm
(107:06 / Allies) IMBALANCEDpeon: he gona
(107:10 / Allies) IMBALANCEDpeon: try and blade storm us
(107:41 / Allies) tHe.weAkLinG: keep
(107:42 / Allies) tHe.weAkLinG: doing that
(107:43 / Allies) tHe.weAkLinG: just use 1
(107:45 / Allies) tHe.weAkLinG: and coil it
(107:54 / Allies) tHe.weAkLinG: put like 2 wyrms here
(107:57 / Allies) tHe.weAkLinG: 2 here
(108:07 / Allies) tHe.weAkLinG: bm was there lol
(108:45 / Allies) IMBALANCEDpeon: u contorl
(108:53 / Allies) tHe.weAkLinG: why u got it
(108:57 / Allies) IMBALANCEDpeon: kk
(109:03 / Allies) tHe.weAkLinG: keep doing it
(109:07 / Allies) tHe.weAkLinG: so i can chim
(110:09 / Allies) tHe.weAkLinG: dood?
(110:11 / Allies) tHe.weAkLinG: use chim/wyrm
(110:12 / Allies) tHe.weAkLinG: plz
(110:14 / Allies) IMBALANCEDpeon: yes
(112:14 / Allies) tHe.weAkLinG: got 4 of em
(112:16 / Allies) tHe.weAkLinG: :)
(112:20 / Allies) IMBALANCEDpeon: gj
(112:48 / Allies) IMBALANCEDpeon: wow
(112:51 / Allies) IMBALANCEDpeon: now he moves raider
(113:00 / Allies) IMBALANCEDpeon: u think
(113:02 / Allies) IMBALANCEDpeon: he can catch
(113:03 / Allies) IMBALANCEDpeon: i think he can
(113:07 / Allies) tHe.weAkLinG: no
(113:10 / Allies) tHe.weAkLinG: damn
(113:17 / Allies) tHe.weAkLinG: don't
(113:17 / Allies) tHe.weAkLinG: touch
(113:23 / Allies) IMBALANCEDpeon: sry sub grioup
(114:10 / Allies) tHe.weAkLinG: fuck he can ensnare
(114:12 / Allies) IMBALANCEDpeon: ya
(114:15 / Allies) IMBALANCEDpeon: he has sight range
(114:33 / Allies) tHe.weAkLinG: wait forme
(114:39 / Allies) tHe.weAkLinG: i will sielcne
(114:42 / Allies) IMBALANCEDpeon: he waiting for blade storm
(114:47 / Allies) tHe.weAkLinG: and entangle
(115:34 / Allies) tHe.weAkLinG: ?
(115:36 / Allies) IMBALANCEDpeon: got it
(115:37 / Allies) IMBALANCEDpeon: shade
(115:39 / Allies) tHe.weAkLinG: u got it?
(115:40 / Allies) tHe.weAkLinG: nice
(115:41 / Allies) IMBALANCEDpeon: ya
(115:43 / Allies) tHe.weAkLinG: get lvl 3 attack?
(115:50 / Allies) IMBALANCEDpeon: need gold :S
(115:56 / Allies) tHe.weAkLinG: how much
(116:02 / Allies) IMBALANCEDpeon: 250
(116:05 / Allies) IMBALANCEDpeon: so 300
(116:18 / Allies) IMBALANCEDpeon: gold
(116:18 / Allies) IMBALANCEDpeon: now
(116:25 / Allies) IMBALANCEDpeon: man
(116:27 / Allies) IMBALANCEDpeon: too slow
(116:29 / Allies) tHe.weAkLinG: go here
(116:30 / Allies) tHe.weAkLinG: fast
(116:31 / Allies) tHe.weAkLinG: plz
(116:36 / Allies) IMBALANCEDpeon: gotta move them
(116:41 / Allies) tHe.weAkLinG: k
(117:14 / Allies) tHe.weAkLinG: keep
(117:16 / Allies) tHe.weAkLinG: some fiends here?
(117:18 / Allies) tHe.weAkLinG: like a few
(117:24 / Allies) IMBALANCEDpeon: ye
(118:59 / Allies) tHe.weAkLinG: yo
(119:00 / Allies) tHe.weAkLinG: lets
(119:02 / Allies) tHe.weAkLinG: just attack
(119:04 / Allies) tHe.weAkLinG: ?
(119:06 / Allies) IMBALANCEDpeon: ya
(119:07 / Allies) IMBALANCEDpeon: hes away
(119:09 / Allies) IMBALANCEDpeon: from the towers
(119:10 / Allies) tHe.weAkLinG: with wyrm
(119:11 / Allies) IMBALANCEDpeon: but patience
(119:12 / Allies) tHe.weAkLinG: and chums
(119:15 / Allies) tHe.weAkLinG: try to slow them
(119:19 / Allies) tHe.weAkLinG: we still have fiends?
(120:03 / All) 100_FoodWyrms: your hacking is amusing
(120:09 / All) tHe.weAkLinG: no one hacks chump
(120:11 / All) IMBALANCEDpeon: your stupidty is amazing
(120:18 / All) IMBALANCEDpeon: TO THINK
(120:18 / All) 100_FoodWyrms: yea yellow is just following units he cant see
(120:20 / All) tHe.weAkLinG: u fucking are even more noob now
(120:33 / All) IMBALANCEDpeon: umm ya hmm
(120:36 / All) IMBALANCEDpeon: CUZ IF I KNEW
(120:37 / All) IMBALANCEDpeon: U WERE
(120:39 / All) IMBALANCEDpeon: donig proto
(120:43 / All) IMBALANCEDpeon: we could of fucked ua ss
(120:54 / Allies) IMBALANCEDpeon: ii moved ur tree :O
(121:02 / Allies) tHe.weAkLinG: -.-
(121:04 / Allies) tHe.weAkLinG: dood
(121:05 / Allies) tHe.weAkLinG: just
(121:07 / Allies) tHe.weAkLinG: send
(121:08 / Allies) tHe.weAkLinG: like
(121:16 / Allies) tHe.weAkLinG: trap them in with fiends
(121:19 / Allies) tHe.weAkLinG: like we did with towers
(121:22 / Allies) tHe.weAkLinG: then just use
(121:24 / Allies) tHe.weAkLinG: wyrms over here
(121:31 / Allies) tHe.weAkLinG: u can free
(121:34 / Allies) tHe.weAkLinG: 9 towers at once
(121:38 / Allies) IMBALANCEDpeon: tree
(121:41 / Allies) tHe.weAkLinG: we need 4 attacks
(121:43 / Allies) IMBALANCEDpeon: true*
(121:52 / Allies) tHe.weAkLinG: if we killed raiders
(121:56 / Allies) tHe.weAkLinG: then we have cakewalk
(122:11 / Allies) tHe.weAkLinG: hmmm maybe not what bout bm and shit with orb
(122:23 / Allies) IMBALANCEDpeon: ?
(122:36 / Allies) tHe.weAkLinG: woah
(122:54 / Allies) tHe.weAkLinG: DOOD
(122:57 / Allies) tHe.weAkLinG: ARE U LISTEN
(122:59 / Allies) tHe.weAkLinG: QUIT CHASING
(123:00 / Allies) tHe.weAkLinG: FUCK
(123:03 / Allies) IMBALANCEDpeon: KK
(123:03 / Allies) tHe.weAkLinG: HE';S HERE
(123:04 / Allies) tHe.weAkLinG: SO
(123:08 / Allies) tHe.weAkLinG: THATS ALL
(123:10 / Allies) tHe.weAkLinG: HE CAN GO
(123:11 / Allies) tHe.weAkLinG: THATS IT
(123:28 / Allies) tHe.weAkLinG: KEEP
(123:29 / Allies) tHe.weAkLinG: AT TEAL
(123:31 / Allies) tHe.weAkLinG: FUCK MAN
(123:33 / Allies) tHe.weAkLinG: U PISSING MEE NOW
(123:38 / Allies) IMBALANCEDpeon: kk
(123:40 / Allies) IMBALANCEDpeon: keep
(123:44 / Allies) tHe.weAkLinG: HE CAN'T
(123:48 / Allies) tHe.weAkLinG: KILL OUR CHIMS
(123:49 / Allies) tHe.weAkLinG: OR THEN
(123:52 / Allies) tHe.weAkLinG: WE FUCKING SET BACKED
(123:59 / Allies) tHe.weAkLinG: DO THE YOYO
(124:00 / Allies) tHe.weAkLinG: SHIT
(124:02 / Allies) tHe.weAkLinG: AT TOWERS PLZ
(124:04 / Allies) IMBALANCEDpeon: kk raider tho
(124:17 / Allies) IMBALANCEDpeon: he got raiders shitting on me
(124:36 / Allies) tHe.weAkLinG: fucking go
(124:38 / Allies) tHe.weAkLinG: u assclown
(124:39 / Allies) tHe.weAkLinG: nigger
(126:31 / Allies) IMBALANCEDpeon: so much range
(127:12 / Allies) tHe.weAkLinG: use
(127:15 / Allies) IMBALANCEDpeon: ty
(129:24 / Allies) tHe.weAkLinG: joks
(130:25 / Allies) tHe.weAkLinG: i got chims
(130:28 / Allies) tHe.weAkLinG: use wyrms not plzzzzzz
(130:29 / Allies) tHe.weAkLinG: fuck
(130:33 / Allies) tHe.weAkLinG: now
(130:54 / Allies) tHe.weAkLinG: yo
(130:57 / Allies) IMBALANCEDpeon: ye?
(130:58 / Allies) tHe.weAkLinG: our best bet
(131:00 / Allies) tHe.weAkLinG: is
(131:01 / Allies) tHe.weAkLinG: to afk
(131:05 / Allies) tHe.weAkLinG: so they go afk again
(131:05 / Allies) IMBALANCEDpeon: ya
(131:09 / Allies) IMBALANCEDpeon: wait till they afk
(131:12 / Allies) tHe.weAkLinG: so
(131:12 / Allies) IMBALANCEDpeon: just play "dead"
(131:15 / Allies) tHe.weAkLinG: send some wyrms
(131:19 / Allies) tHe.weAkLinG: cyz
(131:21 / Allies) tHe.weAkLinG: he can't get out
(131:23 / Allies) tHe.weAkLinG: anywhere else
(131:46 / All) tHe.weAkLinG: sup ladies
(131:50 / All) tHe.weAkLinG: still think u gonna win
(131:55 / Allies) tHe.weAkLinG: omg man its midnight
(131:58 / Allies) tHe.weAkLinG: i have to work at fucking 6am
(132:00 / All) IMBALANCEDpeon: SUP TP out
(132:02 / Allies) IMBALANCEDpeon: ahh shit
(132:04 / Allies) IMBALANCEDpeon: im so sorry
(132:08 / Allies) tHe.weAkLinG: yea
(132:11 / Allies) tHe.weAkLinG: this is so faggot
(132:15 / Allies) IMBALANCEDpeon: ya we will get them soon
(132:17 / Allies) tHe.weAkLinG: i told u to fucking leave
(132:19 / Allies) tHe.weAkLinG: we played 2 games
(132:19 / Allies) IMBALANCEDpeon: they will look at porn and we gg them
(132:33 / Allies) IMBALANCEDpeon: this is more about winning
(132:38 / Allies) IMBALANCEDpeon: gotta beat these punks
(132:44 / Allies) tHe.weAkLinG: lol
(132:46 / Allies) IMBALANCEDpeon: U KNO
(134:14 / All) tHe.weAkLinG: sup sup ladies
(134:18 / All) tHe.weAkLinG: u are so cute
(134:23 / All) tHe.weAkLinG: can we cuddle
(134:24 / All) IMBALANCEDpeon: kissy kissy
(134:26 / All) tHe.weAkLinG: stne fucking noobies
(134:30 / All) tHe.weAkLinG: raped ffa_six
(134:32 / All) tHe.weAkLinG: and now u fucks
(134:37 / All) tHe.weAkLinG: damn i feeel mighty
(135:43 / Allies) tHe.weAkLinG: man
(135:46 / Allies) tHe.weAkLinG: i am so wired now
(135:47 / Allies) tHe.weAkLinG: how the fuck
(135:51 / Allies) tHe.weAkLinG: am i gonna shut my brain off to sleep
(136:02 / Allies) IMBALANCEDpeon: idk
(136:17 / Allies) IMBALANCEDpeon: b
(136:40 / Allies) tHe.weAkLinG: k
(136:45 / Allies) tHe.weAkLinG: i am getting so mad
(136:51 / Allies) tHe.weAkLinG: this is so fucking pathetic waste of fucking time
(136:57 / Allies) tHe.weAkLinG: look
(136:57 / Allies) tHe.weAkLinG: see
(137:00 / Allies) tHe.weAkLinG: they will win
(137:08 / Allies) IMBALANCEDpeon: he got no tp
(137:14 / Allies) tHe.weAkLinG: he just
(137:16 / Allies) tHe.weAkLinG: uses wand
(137:17 / Allies) tHe.weAkLinG: man
(137:18 / Allies) tHe.weAkLinG: u dumbshit
(137:30 / Allies) IMBALANCEDpeon: entangle GG him
(138:34 / Allies) tHe.weAkLinG: keep
(138:35 / Allies) tHe.weAkLinG: it there
(138:36 / Allies) tHe.weAkLinG: plz
(138:37 / Allies) tHe.weAkLinG: fuck
(138:38 / Allies) tHe.weAkLinG: u now see
(138:39 / Allies) IMBALANCEDpeon: ic what u doing
(138:41 / Allies) tHe.weAkLinG: how i choked off bot?
(138:46 / Allies) IMBALANCEDpeon: ye
(139:11 / Allies) tHe.weAkLinG: use it
(139:21 / All) 100_FoodWyrms: i can just picture 2 nerds with their faces 3 inches from their monitor trying to find the shade
(139:25 / Allies) tHe.weAkLinG: use your heroes
(139:41 / Allies) IMBALANCEDpeon: dont say anything
(139:47 / Allies) IMBALANCEDpeon: he might think we afk
(139:53 / All) 100_FoodWyrms: that alone makes it hilarious
(140:31 / Allies) tHe.weAkLinG: aight
(140:33 / Allies) tHe.weAkLinG: its not bottom
(140:39 / Allies) tHe.weAkLinG: lets check middle
(140:40 / Allies) tHe.weAkLinG: now
(140:42 / Allies) IMBALANCEDpeon: kk
(140:47 / Allies) IMBALANCEDpeon: he probley rotating it
(140:54 / Allies) tHe.weAkLinG: he can't
(140:56 / Allies) tHe.weAkLinG: get past bottom
(140:57 / Allies) tHe.weAkLinG: ok?
(140:59 / Allies) IMBALANCEDpeon: ye
(141:00 / Allies) tHe.weAkLinG: we woulda saw it
(141:21 / Allies) tHe.weAkLinG: spread the fuck out
(141:23 / Allies) IMBALANCEDpeon: see the walsls
(141:32 / Allies) IMBALANCEDpeon: looks at walls
(143:30 / All) 100_FoodWyrms: lol.
(143:36 / Allies) tHe.weAkLinG: u find it?
(143:38 / Allies) IMBALANCEDpeon: no
(143:45 / All) 100_FoodWyrms: WHERE IS IT OMG
(143:53 / Allies) IMBALANCEDpeon: but he knoiws we looking for it...
(144:05 / Allies) tHe.weAkLinG: maphacks for sure
(144:58 / Allies) tHe.weAkLinG: i been everywhere
(145:04 / Allies) tHe.weAkLinG: u check our toweers?
(145:09 / Allies) IMBALANCEDpeon: ya
(145:11 / Allies) IMBALANCEDpeon: u check agian
(145:21 / Allies) tHe.weAkLinG: mid?
(145:27 / Allies) IMBALANCEDpeon: ya
(145:36 / Allies) IMBALANCEDpeon: he must be huging a wall
(145:43 / Allies) tHe.weAkLinG: he must be
(145:45 / Allies) tHe.weAkLinG: running around
(145:48 / Allies) tHe.weAkLinG: cuz
(145:50 / Allies) tHe.weAkLinG: he hacks
(147:35 / Allies) tHe.weAkLinG: it makes no sense
(147:39 / Allies) tHe.weAkLinG: its definately not bottom
(147:44 / Allies) tHe.weAkLinG: unless they fucking hack
(147:55 / Allies) IMBALANCEDpeon: idk
(147:58 / Allies) IMBALANCEDpeon: bm can tele hack
(148:46 / Allies) tHe.weAkLinG: lets
(148:49 / Allies) IMBALANCEDpeon: yo
(148:51 / Allies) tHe.weAkLinG: try to use some chims
(148:52 / Allies) tHe.weAkLinG: now
(148:52 / Allies) IMBALANCEDpeon: he could of mirriored
(148:53 / Allies) tHe.weAkLinG: k?
(148:54 / Allies) IMBALANCEDpeon: image off but
(148:55 / Allies) tHe.weAkLinG: use ur wyrms
(149:03 / Allies) tHe.weAkLinG: k?
(149:03 / Allies) IMBALANCEDpeon: kk
(149:04 / Allies) tHe.weAkLinG: get rdy
(149:07 / Allies) tHe.weAkLinG: 3
(149:11 / Allies) tHe.weAkLinG: 2
(149:12 / Allies) tHe.weAkLinG: 1
(149:35 / Allies) tHe.weAkLinG: wow
(149:38 / Allies) tHe.weAkLinG: they afk
(149:40 / Allies) tHe.weAkLinG: and i fucked up
(149:44 / Allies) tHe.weAkLinG: fucking dum,bassnigger game
(149:47 / Allies) IMBALANCEDpeon: we got 6k
(149:50 / Allies) IMBALANCEDpeon: we stillg ot this
(149:51 / Allies) tHe.weAkLinG: i am so fucking furious
(149:53 / Allies) tHe.weAkLinG: i am tired
(150:03 / Allies) IMBALANCEDpeon: ya i kno
(150:15 / All) tHe.weAkLinG: you fucking poyssy
(150:21 / All) 100_FoodWyrms: yes
(150:24 / All) tHe.weAkLinG: you are the biggest cowards ever
(150:24 / All) 100_FoodWyrms: let the nerd rage flow
(150:31 / All) tHe.weAkLinG: no rage
(150:35 / All) 100_FoodWyrms: let me drink your tears
(150:36 / All) tHe.weAkLinG: i feel bad for you
(151:07 / All) tHe.weAkLinG: i am try to empathize what kind of terrible life you must have to torture someone like this
(151:20 / All) 100_FoodWyrms: the worst life imaginable
(151:34 / All) 100_FoodWyrms: well
(151:36 / All) 100_FoodWyrms: 2nd worst
(151:41 / All) 100_FoodWyrms: since u are still here
(151:42 / All) tHe.weAkLinG: you get bullied in school?
(151:44 / All) 100_FoodWyrms: yours is worse
(151:50 / All) tHe.weAkLinG: why am i worse
(151:57 / All) tHe.weAkLinG: when you demanded this test of wills
(152:02 / All) 100_FoodWyrms: because you are still here, trying to prove that you are a bigger nerd
(152:08 / All) 100_FoodWyrms: i mean think about what you are doing
(152:09 / All) tHe.weAkLinG: its ok though the longer we are in the game means i can nerd your Ip address
(152:10 / All) 50_foodhunts: im trying to imagine what kind of nerds take this game so seriously they sit here for hours straight without afking
(152:11 / All) 100_FoodWyrms: you are trying to out nerd me
(152:28 / All) 100_FoodWyrms: you are like
(152:31 / All) tHe.weAkLinG: you clearly are the bigger nerds
(152:37 / All) 100_FoodWyrms: NO. This guy is not the biggest nerd. WE ARE
(152:38 / All) IMBALANCEDpeon: ur 1 the sitting here for hours too
(152:38 / All) tHe.weAkLinG: are you the better war3 players
(152:41 / All) tHe.weAkLinG: absolutely not
(152:46 / All) tHe.weAkLinG: you played smart
(152:48 / All) tHe.weAkLinG: good job
(152:52 / All) 100_FoodWyrms: i do this on purpose
(152:52 / All) tHe.weAkLinG: thats all you get
(153:00 / All) tHe.weAkLinG: because you can't win any other way
(153:04 / All) 100_FoodWyrms: the longer you stay the funnier it gets
(153:08 / All) tHe.weAkLinG: if you can't beat em join em
(153:12 / All) tHe.weAkLinG: i feel the same way
(153:17 / All) tHe.weAkLinG: i am glad we can agree on something
(153:29 / All) IMBALANCEDpeon: tobad this aint like sc
(153:30 / All) 100_FoodWyrms: you know ive had a 51 hour game on this map
(153:31 / All) 50_foodhunts: i havent been maximized in this game for longer than a couple minutes at a time since shortly after the plateau was well establ
(153:35 / All) 100_FoodWyrms: its posted on wcreplays.com
(153:36 / All) IMBALANCEDpeon: we could just all ally victory
(153:38 / All) IMBALANCEDpeon: and go home
(153:42 / All) 50_foodhunts: kill yourself nerds
(153:44 / All) 100_FoodWyrms: 51 hours
(153:46 / All) tHe.weAkLinG: you guys are lying fucks
(153:50 / All) 100_FoodWyrms: its on wcreplays
(153:52 / All) tHe.weAkLinG: you been sitting here long as us
(153:58 / All) tHe.weAkLinG: everything we do u counter
(154:01 / All) 50_foodhunts: keep telling yourself that fatty
(154:02 / All) 100_FoodWyrms: it got over 100 comments
(154:08 / All) tHe.weAkLinG: roflmao
(154:14 / All) IMBALANCEDpeon: what?
(154:15 / All) IMBALANCEDpeon: this game
(154:25 / All) tHe.weAkLinG: 100 comments
(154:32 / All) tHe.weAkLinG: saying how much of a faggot you guys are?
(154:38 / All) 100_FoodWyrms: some of that
(154:41 / All) tHe.weAkLinG: you ladies circle jerk
(154:42 / All) 100_FoodWyrms: but
(154:48 / All) IMBALANCEDpeon: ya u be a shame to wc3 communnity, ur only social group
(154:48 / All) 100_FoodWyrms: mostly people making fun of the other team
(154:50 / All) 100_FoodWyrms: that lost
(154:55 / All) tHe.weAkLinG: you get no respect from anyone
(154:59 / All) 100_FoodWyrms: after wasting the same amount of time
(155:04 / All) 100_FoodWyrms: OH BOY
(155:06 / All) IMBALANCEDpeon: no the comments will be
(155:08 / All) tHe.weAkLinG: you are cowards, you should be ashamed of yourselves.
(155:09 / All) 100_FoodWyrms: I DONT GET NO E-RESPECT
(155:12 / All) IMBALANCEDpeon: "wow both teams are faggots
(155:20 / All) IMBALANCEDpeon: ya
(155:25 / All) 100_FoodWyrms: thats what people will say when i post this game too
(155:26 / All) 50_foodhunts: theyll be half right you guys are pretty huge faggots
(155:26 / All) IMBALANCEDpeon: u obviously want e-respect
(155:30 / All) 100_FoodWyrms: wow both teams are faggots
(155:32 / All) IMBALANCEDpeon: If u care about posting on wcr
(155:37 / All) tHe.weAkLinG: what happend too
(155:38 / All) tHe.weAkLinG: GG
(155:39 / All) tHe.weAkLinG: ?
(155:40 / All) 50_foodhunts: theyll watch the replay and see you guys never left your computers
(155:41 / All) tHe.weAkLinG: manners?
(155:50 / All) 50_foodhunts: and laugh at what a bunch of losers you are
(155:53 / All) tHe.weAkLinG: Anyone who watches the replay
(156:02 / All) tHe.weAkLinG: is a bigger fucking loser then you will ever imagine
(156:12 / All) 100_FoodWyrms: the 51 hour game had over 100 downloads
(156:18 / All) tHe.weAkLinG: wow
(156:20 / All) tHe.weAkLinG: glory days?
(156:22 / All) 100_FoodWyrms: several people said they watched the whole thing at 8x spped
(156:26 / All) tHe.weAkLinG: are you that starved for attention?
(156:32 / All) 100_FoodWyrms: ur mom is
(156:35 / All) tHe.weAkLinG: yea
(156:37 / All) tHe.weAkLinG: my mom
(156:38 / All) IMBALANCEDpeon: they like trying to be E-starts
(156:39 / All) tHe.weAkLinG: hahaha
(156:53 / All) tHe.weAkLinG: your insults are pathetic, your style is pure pussy
(156:59 / All) IMBALANCEDpeon: go make a youtube video of humping furniture u'll be an e-star
(157:03 / All) tHe.weAkLinG: your clan should be SHUT UP NOOB BITCHES
(157:15 / All) 100_FoodWyrms: your clan should be WE ARE THE DUMBS
(157:18 / All) IMBALANCEDpeon: more like clan "PROTO"
(157:24 / All) IMBALANCEDpeon: we arent in clans sry
(157:26 / All) tHe.weAkLinG: they are not pros
(157:30 / All) tHe.weAkLinG: they stole this strat
(157:34 / All) tHe.weAkLinG: can't even do it right
(157:40 / All) IMBALANCEDpeon: Ye true
(157:43 / All) 100_FoodWyrms: LOOK BITCH I INVENTED WARCRAFT 3
(157:55 / All) IMBALANCEDpeon: u think u would be rich?
(158:02 / All) tHe.weAkLinG: pray and hope, that they are big enough losers that they play people who have more respect for there time
(158:20 / All) tHe.weAkLinG: i run my own business I can sit here for days and make bank
(158:27 / All) tHe.weAkLinG: what you kiddies do? going back to school soon
(158:30 / All) 100_FoodWyrms: pimping your mom?
(158:36 / All) tHe.weAkLinG: where you get tortured worse then this everyday?
(158:36 / All) IMBALANCEDpeon: no dude
(158:39 / All) IMBALANCEDpeon: They over 18
(158:42 / All) IMBALANCEDpeon: living at their parents house
(158:44 / All) IMBALANCEDpeon: no college
(158:47 / All) IMBALANCEDpeon: cause they cant afford
(158:51 / All) tHe.weAkLinG: remember kids, down the rails not across the tracks
(159:09 / All) 100_FoodWyrms: ur a towel
(159:20 / All) tHe.weAkLinG: you are a mook
(159:22 / All) IMBALANCEDpeon: i am a towel
(159:36 / All) 100_FoodWyrms: WALLA WALLA WALLA
(159:49 / All) tHe.weAkLinG: oh ladies
(160:05 / All) tHe.weAkLinG: why so much effort for an hollowless 3's win?
(160:27 / All) 100_FoodWyrms: YEHAW
(160:30 / All) tHe.weAkLinG: woo
(160:35 / Allies) IMBALANCEDpeon: yo
(160:38 / Allies) IMBALANCEDpeon: put shades up ye
(160:52 / All) 100_FoodWyrms: IM LIKE GI JOE
(160:56 / All) tHe.weAkLinG: kid
(160:59 / All) tHe.weAkLinG: u wish u were anyone
(161:04 / All) tHe.weAkLinG: u clearly are hopeless
(161:09 / All) 100_FoodWyrms: MY MOM SAYS IM SPECIAL
(161:12 / All) tHe.weAkLinG: you mom
(161:16 / All) tHe.weAkLinG: don't say shit to you
(161:21 / All) tHe.weAkLinG: because u sit on war3 for 51 hours
(161:25 / All) 100_FoodWyrms: YA SHE HATES ME :(
(161:26 / All) 50_foodhunts: jesus christ still talking
(161:29 / All) IMBALANCEDpeon: HEs an E STAR
(161:36 / All) tHe.weAkLinG: yea i am jesus
(161:37 / All) 50_foodhunts: i cant stop laughing at how pathetic and fat irl you must be
(161:41 / All) 100_FoodWyrms: CAN WE BE FRIENDS
(161:42 / All) tHe.weAkLinG: show some respect and leave
(161:57 / All) 50_foodhunts: show some respect to yourself and stop talking for 5 minutes
(162:02 / All) 50_foodhunts: stop embarassing yourself
(162:09 / All) tHe.weAkLinG: anything you possibly think i am, you are indeed twice as bad.
(162:25 / All) 100_FoodWyrms: HA BECAUSE I THOUGHT YOU WERE AWESOME BUT I GUESS IM TWICE AS AWESOME
(162:32 / All) tHe.weAkLinG: i respect myself, you kids clearly have no respect for anything/
(162:58 / Allies) tHe.weAkLinG: well welose
(163:04 / Allies) tHe.weAkLinG: i am never 3'sing ever again
(163:07 / All) 100_FoodWyrms: I RESPECT DIBS
(163:08 / Allies) IMBALANCEDpeon: man
(163:10 / Allies) IMBALANCEDpeon: we just down
(163:11 / Allies) IMBALANCEDpeon: this map
(163:12 / All) 100_FoodWyrms: IM NOT A BARBARIAN
(163:13 / Allies) tHe.weAkLinG: AND
(163:15 / Allies) IMBALANCEDpeon: only map u can do this at
(163:16 / Allies) tHe.weAkLinG: when i tell you
(163:18 / Allies) tHe.weAkLinG: i am leaving
(163:22 / Allies) tHe.weAkLinG: i am fucking leaving
(163:26 / Allies) tHe.weAkLinG: i am seriously ashamed
(163:30 / Allies) tHe.weAkLinG: everything they say is so true
(163:35 / Allies) tHe.weAkLinG: i am a 23 yr old business man
(163:39 / Allies) tHe.weAkLinG: i gotta work in 5 hours
(163:46 / Allies) tHe.weAkLinG: and i sitting here talking to faggots
(163:47 / Allies) IMBALANCEDpeon: ya and they probley like me
(163:49 / Allies) IMBALANCEDpeon: just young
(163:50 / Allies) tHe.weAkLinG: who are probably 15 like you
(163:52 / Allies) IMBALANCEDpeon: and got no job
(164:01 / Allies) IMBALANCEDpeon: probley younger
(164:05 / Allies) IMBALANCEDpeon: the way they act
(164:12 / Allies) IMBALANCEDpeon: man im not gonna quit
(164:26 / Allies) IMBALANCEDpeon: we got 6k
(164:28 / Allies) IMBALANCEDpeon: of teal
(164:31 / Allies) IMBALANCEDpeon: we can still chimmy up
(164:43 / Allies) tHe.weAkLinG: listen 2 me
(164:57 / Allies) tHe.weAkLinG: bloodmage, blademaster, shadow hunter and panda
(165:02 / Allies) tHe.weAkLinG: lvl 7/7/5/4
(165:06 / Allies) tHe.weAkLinG: at healwell
(165:12 / Allies) tHe.weAkLinG: with mass towers
(165:22 / Allies) tHe.weAkLinG: even if we managed to kill all the raiders
(165:32 / Allies) tHe.weAkLinG: they would have to seriously let us win
(165:35 / Allies) tHe.weAkLinG: for us to win
(166:04 / Allies) IMBALANCEDpeon: mm
(166:09 / Allies) tHe.weAkLinG: u know?
(166:10 / Allies) tHe.weAkLinG: lvl 10 bm
(166:12 / Allies) tHe.weAkLinG: at healwell
(166:14 / Allies) tHe.weAkLinG: with evasion
(166:17 / Allies) tHe.weAkLinG: and
(166:21 / Allies) tHe.weAkLinG: we can't fight with our heroes
(166:42 / Allies) tHe.weAkLinG: he trapped
(166:43 / Allies) tHe.weAkLinG: now
(166:43 / All) 100_FoodWyrms: GOD IM COOL
(167:12 / All) 100_FoodWyrms: ONLY ANOTHER 17 HOURS OF THAT AND UR BASE IS GONE BIATCHES
(168:12 / All) tHe.weAkLinG: you kids like hacking too?
(168:17 / All) 100_FoodWyrms: YA
(168:22 / All) 100_FoodWyrms: I DISC HACKED TEAL EARLIER
(168:35 / All) 100_FoodWyrms: BECAUSE I DONT KNOW IF I COULD HANDLE THREE PEOPLE CONTROLLING THE CHARACTERS
(168:36 / All) tHe.weAkLinG: no he was just smart enougih to disc
(168:37 / All) 100_FoodWyrms: BUT 2 IS LOL
(168:37 / All) IMBALANCEDpeon: i remeber when blue was crying we hacked
(168:41 / All) IMBALANCEDpeon: cuz we scout
(168:53 / All) 100_FoodWyrms: NO THAT WAS ME SAYING YOU HACKED WHEN YOU FOLLOWED THE GYROS AROUND
(168:57 / All) 100_FoodWyrms: BLUE LEFT ABOUT 3 HOURS AGO
(169:14 / All) IMBALANCEDpeon: oo so ur counting the hours
(169:21 / All) 100_FoodWyrms: DUH
(169:31 / All) tHe.weAkLinG: clearly he wants to break the 51 hr mark
(169:37 / All) 100_FoodWyrms: THAT WOULD BE IDEAL
(169:39 / All) tHe.weAkLinG: this is the nerd olympics
(170:05 / All) tHe.weAkLinG: you have sucessfully made me hate this game though
(170:12 / All) 100_FoodWyrms: HOORAY
(170:13 / All) tHe.weAkLinG: wish u woulda did this 5 yrs ago
(170:19 / Allies) IMBALANCEDpeon: man dont tell him -_-
(170:27 / Allies) IMBALANCEDpeon: i kno i made sigh
(170:28 / All) 100_FoodWyrms: BECAUSE YOU WERE A BIGGER NERD BACK THEN?
(170:41 / All) tHe.weAkLinG: no
(170:48 / All) tHe.weAkLinG: cuz the feeling i am experience at this moment
(171:00 / All) 100_FoodWyrms: WOULD MAKE YOUR ZITS POP?
(171:05 / All) 50_foodhunts: nerd rage?
(171:05 / All) tHe.weAkLinG: is pure etacy
(171:08 / All) tHe.weAkLinG: extacyyyy
(171:10 / All) 50_foodhunts: u ragin bro?
(171:13 / All) tHe.weAkLinG: you have liberated me
(171:16 / All) tHe.weAkLinG: from my addiction
(171:20 / All) tHe.weAkLinG: thanks
(171:21 / All) tHe.weAkLinG: <3
(171:25 / All) 50_foodhunts: good then leave nerd
(171:26 / All) 100_FoodWyrms: YOU'RE WELCOME
(171:31 / All) tHe.weAkLinG: no leaving
(171:37 / All) tHe.weAkLinG: u can earn your victory
(171:40 / All) tHe.weAkLinG: you owe so desire
(171:48 / All) 50_foodhunts: we earned it hours ago when we sealed the victory
(171:56 / All) IMBALANCEDpeon: yo nigs i dont got cross country practice till the 25th
(171:57 / All) tHe.weAkLinG: i beg to differ
(171:58 / All) IMBALANCEDpeon: so hf
(172:01 / All) 50_foodhunts: now we're just waiting for you losers to give up
(172:04 / All) tHe.weAkLinG: you have to earn it to me
(172:22 / All) 100_FoodWyrms: WE HAVE TO PROVE THAT WE ARE BIGGER NERDS THAN HIM
(172:30 / Allies) IMBALANCEDpeon: yo w/e u do try not to entangle
(172:33 / All) 100_FoodWyrms: HE WONT LET HIS NERD KING TITLE GO WITHOUT A FIGHT
(172:34 / Allies) IMBALANCEDpeon: if he comes down
(172:40 / Allies) IMBALANCEDpeon: cuz then he will jsut use tele wand eh?
(172:43 / Allies) tHe.weAkLinG: i am cutting up weed
(172:47 / All) tHe.weAkLinG: u get the title
(172:52 / Allies) IMBALANCEDpeon: kk toak up
(172:57 / All) tHe.weAkLinG: you clearly won
(173:02 / All) tHe.weAkLinG: i would hope you would win
(173:09 / All) 100_FoodWyrms: NOT REALLY SINCE U ARE STILL HERE
(173:09 / All) tHe.weAkLinG: you have 51 hours of experience
(173:11 / All) 100_FoodWyrms: ITS ANYONES GAME
(173:17 / All) tHe.weAkLinG: nope
(173:22 / All) tHe.weAkLinG: u can win
(173:25 / Allies) IMBALANCEDpeon: u think they lying about 51 hour game?
(173:28 / All) tHe.weAkLinG: we can not win
(173:33 / Allies) tHe.weAkLinG: nope
(173:42 / All) tHe.weAkLinG: with healwell and your heroes
(173:49 / All) tHe.weAkLinG: we couldn't kill all that shit if we wanted too
(174:00 / All) tHe.weAkLinG: so you can kill our shit
(174:12 / All) 100_FoodWyrms: AT ANY MOMENT MY PENIS COULD START BLEEDING FROM MASTURBATION AND I WOULD HAVE TO GO TO THE HOSPITAL
(174:14 / All) 100_FoodWyrms: THEN YOU WOULD WIN
(174:19 / All) tHe.weAkLinG: I hope you wouldn't want it any other way
(174:31 / All) tHe.weAkLinG: you are not old enough to masterbate
(174:45 / All) 100_FoodWyrms: TRUE YOU GOT BEAT BY A 6 YEAR OLD
(174:45 / All) IMBALANCEDpeon: let alone look at porn
(174:46 / All) 100_FoodWyrms: LOL
(174:50 / All) IMBALANCEDpeon: It says 18+
(174:56 / All) tHe.weAkLinG: nope
(175:32 / Allies) tHe.weAkLinG: 1am
(175:34 / Allies) tHe.weAkLinG: man i hate u
(175:41 / Allies) tHe.weAkLinG: go this way
(175:43 / Allies) tHe.weAkLinG: he is fast
(175:59 / All) 100_FoodWyrms: TOJARA IS ON THE PROWL
(175:59 / Allies) tHe.weAkLinG: u missed ihm
(176:00 / Allies) tHe.weAkLinG: for sure
(176:29 / Allies) tHe.weAkLinG: see?
(176:32 / All) tHe.weAkLinG: nice hacks bro
(176:35 / All) tHe.weAkLinG: what u use
(176:46 / All) tHe.weAkLinG: eh guy?
(176:47 / All) 100_FoodWyrms: NOOBKILLHACK 5.23
(176:47 / Allies) IMBALANCEDpeon: FUCK HIM UP
(176:51 / All) tHe.weAkLinG: like
(176:53 / All) tHe.weAkLinG: i got cengine
(176:56 / All) tHe.weAkLinG: but it won't work
(177:29 / All) tHe.weAkLinG: pure hacker
(177:31 / All) tHe.weAkLinG: cute
(177:34 / All) tHe.weAkLinG: haha
(177:42 / All) tHe.weAkLinG: why wouldn't u just
(177:44 / All) tHe.weAkLinG: play normally
(177:46 / Allies) IMBALANCEDpeon: how did he jump
(177:48 / Allies) IMBALANCEDpeon: everywhere
(177:48 / All) 100_FoodWyrms: THE ZIGERAUT, OR NIGGERAUT AS I LIKE TO CALL IT JUST GOT PWNED
(177:48 / Allies) IMBALANCEDpeon: dam
(177:52 / All) tHe.weAkLinG: wen you just blantantly hack so much
(178:16 / All) 100_FoodWyrms: BUT IT WOULDNT WASTE HOURS OF YOUR TIME
(178:20 / All) 100_FoodWyrms: SO WHATS THE POINT
(178:22 / All) tHe.weAkLinG: man
(178:25 / All) tHe.weAkLinG: i playing war3
(178:31 / All) tHe.weAkLinG: i already knew i was goinna waste time
(178:37 / All) tHe.weAkLinG: u just wasting yours too
(178:50 / All) 100_FoodWyrms: BUT IM WASTING 2 OF YOUR TIMES
(178:53 / All) 100_FoodWyrms: TWO FOR ONE DEAL HERE
(179:06 / All) tHe.weAkLinG: nope
(179:11 / All) tHe.weAkLinG: you can only lie to yourself
(179:19 / All) 100_FoodWyrms: HOW IS THAT A LIE
(179:21 / All) 100_FoodWyrms: YOU ARE BOTH HERE
(179:28 / All) tHe.weAkLinG: orange is here too
(179:34 / All) 100_FoodWyrms: ORANGE ONLY STOPS BY TO ASK WHY YOU HAVENT LEFT ONCE EVERY 10 MINUTES
(179:43 / All) tHe.weAkLinG: i pray for you
(179:43 / Allies) IMBALANCEDpeon: hmm
(179:48 / All) tHe.weAkLinG: god bless your soul
(179:49 / All) 100_FoodWyrms: I PRAY FOR UR MOM
(179:51 / Allies) IMBALANCEDpeon: so only 1 person is really playing
(179:52 / Allies) IMBALANCEDpeon: at a time
(179:56 / All) tHe.weAkLinG: you must be some kind of loser
(179:59 / Allies) tHe.weAkLinG: NO SHIT
(180:02 / All) 100_FoodWyrms: SOME KIND
(180:02 / Allies) tHe.weAkLinG: MAN
(180:06 / Allies) tHe.weAkLinG: I TODL YOU TO TAKE SHIFTS
(180:10 / Allies) tHe.weAkLinG: UR LIKE NAH I'M A NIGGER
(180:25 / All) tHe.weAkLinG: its ok karma is fun
(180:37 / All) 100_FoodWyrms: YA IF U BELIEVE IN FAIRY TALES
(180:37 / All) tHe.weAkLinG: thanks again though
(180:45 / All) 100_FoodWyrms: THE TOOTH FAIRY IS A GOOD FUCK TOO
(180:46 / All) tHe.weAkLinG: i really appreciate the enlightening experience
(180:58 / All) tHe.weAkLinG: someday i sincerely hope you grow up
(181:07 / All) tHe.weAkLinG: time is money, money is power.
(181:12 / All) 100_FoodWyrms: AND POWER IS FAKE
(181:20 / All) IMBALANCEDpeon: howso
(181:28 / Allies) tHe.weAkLinG: i am leaving
(181:33 / All) 100_FoodWyrms: BECAUSE IN THE END U WILL EATEN BY WORMS
(181:34 / Allies) tHe.weAkLinG: send
(181:36 / Allies) tHe.weAkLinG: all your shades
(181:38 / Allies) tHe.weAkLinG: to the towers
(181:41 / Allies) tHe.weAkLinG: so he can't kill them
(181:48 / Allies) tHe.weAkLinG: and just spread out wyrms over them
(181:50 / All) 100_FoodWyrms: DIDNT YOU WATCH THE LION KING
(181:53 / All) 100_FoodWyrms: WHAT THE FUCK IS WRONG WITH YOU
(181:59 / All) tHe.weAkLinG: the circle of life?
(182:15 / Allies) IMBALANCEDpeon: u wna go for 1 more pusH?
(182:17 / Allies) IMBALANCEDpeon: before u leave?
(182:27 / Allies) tHe.weAkLinG: no
(182:28 / Allies) tHe.weAkLinG: you need
(182:31 / Allies) tHe.weAkLinG: to keep your arm
(182:32 / Allies) tHe.weAkLinG: just
(182:34 / Allies) tHe.weAkLinG: spread it out
(182:35 / Allies) tHe.weAkLinG: ok?
(182:37 / Allies) tHe.weAkLinG: over the towers
(182:38 / Allies) IMBALANCEDpeon: k
(182:39 / Allies) tHe.weAkLinG: with shades
(182:46 / Allies) tHe.weAkLinG: so if he tries to ww it
(182:47 / Allies) tHe.weAkLinG: or whatever
(182:48 / Allies) tHe.weAkLinG: when we gone
(182:51 / Allies) tHe.weAkLinG: he can't kill it
(183:34 / All) 100_FoodWyrms: ASL?
(183:45 / All) tHe.weAkLinG: 23/male/ontario
(183:49 / All) tHe.weAkLinG: yourself sir?
(183:54 / All) 100_FoodWyrms: 18/F/CA
(183:59 / All) 100_FoodWyrms: VERY HORNY
(184:06 / All) 100_FoodWyrms: WANNA CYBER?
(184:19 / All) tHe.weAkLinG: u got webcam
(184:26 / All) 100_FoodWyrms: YA
(184:41 / All) tHe.weAkLinG: k whats ur email
(185:12 / All) 100_FoodWyrms: PSYCH@NOOB.COM
(185:26 / All) tHe.weAkLinG: u are funny man
(185:28 / All) IMBALANCEDpeon: U got YiM?
(185:35 / All) tHe.weAkLinG: u should invest your time more wisely into comedy
(185:49 / All) tHe.weAkLinG: i think you might get that respect, and fame you desire.
(186:06 / Allies) IMBALANCEDpeon: sup i just got back
(186:09 / Allies) IMBALANCEDpeon: go soem yogurt
(186:12 / Allies) IMBALANCEDpeon: coffee flavour :D
(186:29 / Allies) tHe.weAkLinG: yea i can't sleep
(186:34 / Allies) tHe.weAkLinG: i am
(186:39 / Allies) tHe.weAkLinG: looking for a way
(186:41 / Allies) IMBALANCEDpeon: just lay bay and relax
(186:42 / Allies) tHe.weAkLinG: to find this guys ip
(186:45 / Allies) IMBALANCEDpeon: hmm
(186:58 / Allies) IMBALANCEDpeon: i only kno
(187:00 / Allies) IMBALANCEDpeon: the way
(187:03 / Allies) IMBALANCEDpeon: if they send u email
(187:04 / Allies) IMBALANCEDpeon: kinda
(187:37 / Allies) tHe.weAkLinG: i'm gonna pkay human
(187:38 / Allies) tHe.weAkLinG: forever
(187:43 / Allies) tHe.weAkLinG: cuz cloud
(187:45 / Allies) tHe.weAkLinG: would be thx
(187:48 / Allies) IMBALANCEDpeon: ha ya
(188:00 / Allies) tHe.weAkLinG: aight i'mma get a drink
(188:01 / Allies) IMBALANCEDpeon: man if this hu
(188:02 / Allies) IMBALANCEDpeon: had hawks
(188:06 / Allies) IMBALANCEDpeon: kk
(188:10 / Allies) IMBALANCEDpeon: ill look over
(188:15 / Allies) IMBALANCEDpeon: i feel 100% better now
(191:52 / Allies) tHe.weAkLinG: ?
(191:56 / Allies) IMBALANCEDpeon: k
(191:59 / Allies) tHe.weAkLinG: 2 hour porno
(192:01 / Allies) tHe.weAkLinG: just started
(192:02 / Allies) IMBALANCEDpeon: ROFL
(192:02 / Allies) tHe.weAkLinG: lol
(192:05 / Allies) IMBALANCEDpeon: LOLOLOL
(192:53 / Allies) IMBALANCEDpeon: so umm
(192:58 / Allies) IMBALANCEDpeon: they took out his hall?
(193:08 / Allies) IMBALANCEDpeon: nice
(193:09 / Allies) tHe.weAkLinG: he there
(193:14 / Allies) tHe.weAkLinG: he moved bm back
(193:20 / Allies) IMBALANCEDpeon: wow
(193:31 / Allies) tHe.weAkLinG: every like
(193:32 / Allies) tHe.weAkLinG: 10 mins
(193:36 / Allies) tHe.weAkLinG: just kill a tower
(193:46 / Allies) IMBALANCEDpeon: k 1:12
(196:03 / Allies) IMBALANCEDpeon: moving
(196:12 / Allies) IMBALANCEDpeon: of troll doc
(196:25 / Allies) tHe.weAkLinG: he moved something?
(196:59 / Allies) IMBALANCEDpeon: wtf is he tp'ing to
(197:07 / Allies) tHe.weAkLinG: HE ISN'T TPING
(197:09 / Allies) IMBALANCEDpeon: ya
(197:10 / Allies) tHe.weAkLinG: ITS FUCKING WAND NIGGER
(197:15 / Allies) IMBALANCEDpeon: YA I KNO
(197:15 / Allies) IMBALANCEDpeon: rofl
(197:24 / Allies) IMBALANCEDpeon: i dont wna saying tele
(197:36 / Allies) IMBALANCEDpeon: hows he getting down
(197:44 / Allies) tHe.weAkLinG: shade
(197:46 / Allies) tHe.weAkLinG: he maphacking
(197:49 / Allies) tHe.weAkLinG: so we can't find it
(198:48 / Allies) tHe.weAkLinG: u want
(198:52 / Allies) tHe.weAkLinG: to try to freeze the towers
(198:54 / Allies) tHe.weAkLinG: ?
(198:57 / Allies) IMBALANCEDpeon: ya
(198:59 / Allies) IMBALANCEDpeon: u knon im thinking
(199:04 / Allies) IMBALANCEDpeon: we dont have to fight thier armies
(199:06 / Allies) tHe.weAkLinG: lets all go
(199:07 / Allies) IMBALANCEDpeon: chims
(199:07 / Allies) tHe.weAkLinG: at once
(199:08 / Allies) tHe.weAkLinG: yea
(199:09 / Allies) IMBALANCEDpeon: just rape
(199:11 / Allies) IMBALANCEDpeon: the buildings
(199:12 / Allies) tHe.weAkLinG: k
(199:16 / Allies) tHe.weAkLinG: well free i rape em
(199:18 / Allies) tHe.weAkLinG: keep freezing em
(199:23 / Allies) tHe.weAkLinG: we should imbolize them all
(199:24 / Allies) IMBALANCEDpeon: 1:17
(199:26 / Allies) tHe.weAkLinG: but try to keep em alive
(199:35 / Allies) IMBALANCEDpeon: ye
(199:36 / Allies) tHe.weAkLinG: u go
(199:52 / Allies) tHe.weAkLinG: WTF?
(199:54 / Allies) tHe.weAkLinG: I SAID GO
(199:55 / Allies) tHe.weAkLinG: MAN
(199:56 / Allies) tHe.weAkLinG: U FUCKED US
(200:07 / Allies) IMBALANCEDpeon: what am i suppost to do
(200:14 / Allies) tHe.weAkLinG: u kidding me?
(200:22 / Allies) tHe.weAkLinG: u are
(200:23 / Allies) tHe.weAkLinG: suppose
(200:24 / Allies) tHe.weAkLinG: to use wyrms
(200:26 / Allies) tHe.weAkLinG: to free
(200:28 / Allies) tHe.weAkLinG: thje fucking towers man
(200:34 / Allies) tHe.weAkLinG: so i can kill them with chims
(200:37 / Allies) IMBALANCEDpeon: OK
(200:37 / Allies) tHe.weAkLinG: and since
(200:39 / Allies) tHe.weAkLinG: u can coil
(200:43 / Allies) tHe.weAkLinG: U TANK A FUCKING WYRM
(200:48 / Allies) tHe.weAkLinG: but i lost
(200:50 / Allies) tHe.weAkLinG: fucking 2 chims
(200:53 / Allies) tHe.weAkLinG: cuz u didn't fucking go
(200:59 / Allies) IMBALANCEDpeon: ye
(201:18 / Allies) IMBALANCEDpeon: makign well for u
(201:18 / Allies) tHe.weAkLinG: u can freeze
(201:20 / Allies) tHe.weAkLinG: 9 towers
(201:24 / Allies) IMBALANCEDpeon: true
(201:27 / Allies) tHe.weAkLinG: so we only need
(201:31 / Allies) tHe.weAkLinG: like 4 wyrm attack
(201:36 / Allies) tHe.weAkLinG: u rdu?
(201:37 / Allies) tHe.weAkLinG: plz
(201:52 / Allies) IMBALANCEDpeon: 1 sec
(202:04 / Allies) IMBALANCEDpeon: k
(202:17 / Allies) tHe.weAkLinG: WJHY
(202:18 / Allies) tHe.weAkLinG: U
(202:19 / Allies) tHe.weAkLinG: NOT GOING
(202:27 / Allies) tHe.weAkLinG: OUT
(202:28 / Allies) tHe.weAkLinG: U NOT
(202:33 / Allies) tHe.weAkLinG: FUCKING CLICKJING THE RIGHT TOWER EITHER
(202:33 / All) 100_FoodWyrms: O.0
(202:34 / Allies) tHe.weAkLinG: SECOND ROW
(202:39 / Allies) tHe.weAkLinG: U COULD HAVE FROZEN
(202:41 / Allies) tHe.weAkLinG: FUCKING 18
(202:43 / Allies) tHe.weAkLinG: IN 2 SHOTS
(202:53 / Allies) tHe.weAkLinG: that was dfumb as fuck
(202:56 / Allies) tHe.weAkLinG: wow
(202:58 / Allies) tHe.weAkLinG: how come
(203:00 / Allies) tHe.weAkLinG: u didn't go
(203:01 / Allies) tHe.weAkLinG: twice man?
(203:13 / Allies) IMBALANCEDpeon: did
(203:19 / Allies) tHe.weAkLinG: no
(203:20 / Allies) tHe.weAkLinG: both times
(203:21 / Allies) tHe.weAkLinG: u didn't go
(203:25 / Allies) IMBALANCEDpeon: ya i went in
(203:28 / Allies) IMBALANCEDpeon: but ensanre
(203:30 / Allies) tHe.weAkLinG: no
(203:31 / Allies) tHe.weAkLinG: you didnh'5t
(203:34 / Allies) tHe.weAkLinG: U SUPPOSE TO LEAD
(204:13 / Allies) tHe.weAkLinG: whatever
(204:16 / Allies) tHe.weAkLinG: man this is so faggot
(204:20 / Allies) IMBALANCEDpeon: ye
(204:21 / Allies) tHe.weAkLinG: man
(204:24 / Allies) tHe.weAkLinG: i am so pissed
(204:59 / Allies) IMBALANCEDpeon: 1sec jamie ons
(205:04 / Allies) IMBALANCEDpeon: is on*
(211:58 / Allies) tHe.weAkLinG: yo
(212:00 / Allies) IMBALANCEDpeon:
(212:06 / Allies) tHe.weAkLinG: u gonna stay?
(212:09 / Allies) tHe.weAkLinG: i want to win a game
(212:11 / Allies) tHe.weAkLinG: then go to sleep
(212:32 / Allies) IMBALANCEDpeon: gonna say i can game on my labtop
(212:34 / Allies) IMBALANCEDpeon: but then agian
(212:38 / Allies) IMBALANCEDpeon: that sucks at gaming
(212:41 / Allies) IMBALANCEDpeon: xDDDDDDDDDD
(213:05 / Allies) tHe.weAkLinG: just m,ass everthing 1 spot i guess
(213:08 / Allies) IMBALANCEDpeon: ya
(213:13 / Allies) IMBALANCEDpeon: i frost armor all
(213:50 / Allies) IMBALANCEDpeon: k lets go
(213:54 / Allies) tHe.weAkLinG: no
(213:56 / Allies) tHe.weAkLinG: we not
(213:57 / Allies) tHe.weAkLinG: attackingh
(214:00 / Allies) tHe.weAkLinG: just just sitting
(214:02 / Allies) IMBALANCEDpeon: ooo
(214:03 / Allies) IMBALANCEDpeon: k
(214:04 / Allies) tHe.weAkLinG: u staying
(214:05 / Allies) tHe.weAkLinG: or am i
(214:10 / Allies) IMBALANCEDpeon: sure
(215:25 / Allies) tHe.weAkLinG: what?
(215:27 / Allies) IMBALANCEDpeon: copters
(215:29 / Allies) IMBALANCEDpeon: are out agani
(215:30 / Allies) tHe.weAkLinG: i don't care
(216:14 / Allies) tHe.weAkLinG: bam
(216:16 / Allies) tHe.weAkLinG: aight
(216:20 / Allies) tHe.weAkLinG: u can leave or whatever
(216:25 / Allies) IMBALANCEDpeon: im good
(216:25 / Allies) tHe.weAkLinG: i am just gonna tab
(216:27 / Allies) tHe.weAkLinG: and leave it
(216:29 / Allies) IMBALANCEDpeon: same
(216:34 / Allies) tHe.weAkLinG: k
(216:36 / Allies) tHe.weAkLinG: pz nigga
(216:37 / Allies) tHe.weAkLinG: lol
(216:44 / Allies) tHe.weAkLinG: don't do anything
(216:45 / Allies) tHe.weAkLinG: just sit
(216:48 / Allies) tHe.weAkLinG: maybe if u can
(216:52 / Allies) tHe.weAkLinG: nah
(216:53 / Allies) tHe.weAkLinG: just sit
(216:55 / Allies) IMBALANCEDpeon: kk
(216:57 / Allies) tHe.weAkLinG: sitwill win
(217:02 / Allies) tHe.weAkLinG: he can't kill
(217:04 / Allies) tHe.weAkLinG: l
(217:10 / Allies) tHe.weAkLinG: with bladestorm..
(217:16 / Allies) IMBALANCEDpeon: naaa
(217:19 / Allies) IMBALANCEDpeon: u klno how much dmg?
(217:28 / Allies) IMBALANCEDpeon: we would be doing to ohim
(217:29 / Allies) IMBALANCEDpeon: but ya
(217:32 / Allies) IMBALANCEDpeon: chims cant atjk :S
(217:32 / Allies) tHe.weAkLinG: 800
(222:23 / All) IMBALANCEDpeon: wow so they really can?
(222:24 / All) IMBALANCEDpeon: purge
(255:14 / All) IMBALANCEDpeon: hey man
(255:16 / All) IMBALANCEDpeon: man o man
(255:25 / All) 100_FoodWyrms: sup
(255:30 / All) IMBALANCEDpeon: how u doing?
(255:34 / All) 100_FoodWyrms: not bad u
(255:36 / All) IMBALANCEDpeon: U east coat or west coast time?
(255:40 / All) IMBALANCEDpeon: coast* lol
(255:55 / All) 100_FoodWyrms: ME BRAZIL JAJAJA
(255:59 / All) IMBALANCEDpeon: ahh ic
(256:18 / All) IMBALANCEDpeon: whats ur lag like?
(256:24 / All) IMBALANCEDpeon: u get better on west server?
(256:28 / All) IMBALANCEDpeon: or east?
(256:37 / All) 100_FoodWyrms: QUE?
(256:46 / All) IMBALANCEDpeon: what server is faster
(256:51 / All) 100_FoodWyrms: QUE?
(257:10 / All) IMBALANCEDpeon: QUE RAPIDO?
(257:17 / All) 100_FoodWyrms: TACO BELL
(258:29 / All) 100_FoodWyrms: THE BRAVE DWARF PILOT GAVE HIS LIFE FOR THE BENEFIT OF ALL THAT IS GOOD
(259:35 / All) 100_FoodWyrms: UR RUNNING OUT OF TOWERS
(261:59 / All) 50_foodhunts: goddamn i play tf2 for a couple hours and youre still here talking
(262:13 / All) 50_foodhunts: honestly just fucking kill yourself
(270:23 / All) IMBALANCEDpeon: looks like ur ally raged quit
(270:29 / All) 100_FoodWyrms: YA TOTALLY
(270:30 / All) IMBALANCEDpeon: guess he was talking about u gys
(270:34 / All) IMBALANCEDpeon: to go kill urselves
(270:42 / All) IMBALANCEDpeon: guess he wasnt the biggest nerd
(270:44 / All) 100_FoodWyrms: UR RIGHT
(290:27 / Allies) IMBALANCEDpeon: ROFL ya man
(349:48 / All) IMBALANCEDpeon: O.o
(372:24 / All) 100_FoodWyrms: 1 more ww on the ap then u have nothing that attacks air
(372:26 / All) 100_FoodWyrms: time to leave
(378:19 / All) IMBALANCEDpeon: memories will be lost, just like tear drops in the rain
(378:29 / All) 100_FoodWyrms: yes say something dumb and then leave
(378:48 / All) IMBALANCEDpeon: gg
(378:49 / All) IMBALANCEDpeon: manenr